Workbook
Name OG_2016_CR_Results: 'CR+RC'!$C$3:$G$142
Name OG_2016_DS_Diag_Results: 'Diag Q'!$C$27:$H$50
Name OG_2016_DS_Results: DS!$C$3:$G$176
Name OG_2016_PS_Diag_Results: 'Diag Q'!$C$3:$H$26
Name OG_2016_PS_Results: PS!$A$3:$G$232
Name OG_2016_SC_Results: SC!$C$3:$G$142

Sheet About
C2: GMAT CLUB - Contributing to Each Other's Learning
B4: Guide to the Official GMAT Guide 16th Edition
B5: Use this guide to: - Track your progress through the Official Guide for GMAT Review 16th edition - To analyze your mistakes in the Official Guide (Error log and Analysis tabs) - To help find specific practice questions and build your custom practice tests that focus on your weak areas Good Luck on the GMAT! GMAT Club

Sheet Diag Q
A1: GMAT Club Guide to The GMAT Official Guide 2016
B2: Difficulty | C2: Percentile | D2: Type | E2: OA | F2: Primary Category | G2: Secondary Category | H2: Link
A3: 1 | B3: Medium | C3: 0.45 | D3: PS | E3: A | F3: Word Problems | G3: Arithmetic | H3: http://gmatclub.com/forum/last-month-a-certain-music-club-offered-a-discount-to-134496.html
A4: 2 | B4: Easy | C4: 0.05 | D4: PS | E4: D | F4: Statistics and sets problems | H4: http://gmatclub.com/forum/the-average-arithmetic-mean-of-the-integers-from-200-to-134497.html
A5: 3 | B5: Easy | C5: 0.05 | D5: PS | E5: E | F5: Sequences | H5: http://gmatclub.com/forum/the-sequence-a1-a2-a3-an-is-such-that-an-an-134498.html
A6: 4 | B6: Medium | C6: 0.25 | D6: PS | E6: B | F6: Probability | G6: Overlapping Sets | H6: http://gmatclub.com/forum/among-a-group-of-2-500-people-35-percent-invest-in-134499.html
A7: 5 | B7: Hard | C7: 0.55 | D7: PS | E7: B | F7: Geometry | H7: http://gmatclub.com/forum/a-closed-cylindrical-tank-contains-36pi-cubic-feet-of-water-134500.html
A8: 6 | B8: Medium | C8: 0.35 | D8: PS | E8: A | F8: Overlapping Sets | H8: http://gmatclub.com/forum/a-marketing-firm-determined-that-of-200-households-surveyed-134890.html
A9: 7 | B9: Hard | C9: 0.65 | D9: PS | E9: E | F9: Probability | H9: http://gmatclub.com/forum/a-certain-club-has-10-members-including-harry-one-of-the-134891.html
A10: 8 | B10: Medium | C10: 0.45 | D10: PS | E10: E | F10: Statistics and sets problems | G10: Fractions/Ratios/Decimals | H10: http://gmatclub.com/forum/if-a-certain-toy-store-s-revenue-in-november-was-2-5-of-its-134892.html
A11: 9 | B11: Easy | C11: 0.05 | D11: PS | E11: D | F11: Statistics and sets problems | H11: http://gmatclub.com/forum/a-researcher-computed-the-mean-the-median-and-the-standard-134893.html
A12: 10 | B12: Very Hard | C12: 0.75 | D12: PS | E12: C | F12: Geometry | H12: http://gmatclub.com/forum/in-the-figure-shown-what-is-the-value-of-v-x-y-z-w-134894.html
A13: 11 | B13: Very Hard | C13: 0.95 | D13: PS | E13: C | F13: Combinations | H13: http://gmatclub.com/forum/of-the-three-digit-integers-greater-than-700-how-many-have-135188.html
A14: 12 | B14: Easy | C14: 0.15 | D14: PS | E14: C | F14: Percents and Interest Problems | H14: http://gmatclub.com/forum/positive-integer-y-is-50-percent-of-50-percent-of-positive-135189.html
A15: 13 | B15: Hard | C15: 0.55 | D15: PS | E15: E | F15: Remainders | H15: http://gmatclub.com/forum/if-s-and-t-are-positive-integers-such-that-s-t-64-12-which-135190.html
A16: 14 | B16: Medium | C16: 0.45 | D16: PS | E16: B | F16: Overlapping Sets | H16: http://gmatclub.com/forum/of-the-84-parents-who-attended-a-meeting-at-a-school-135191.html
A17: 15 | B17: Very Hard | C17: 0.85 | D17: PS | E17: C | F17: Arithmetic | G17: Exponents/Powers | H17: http://gmatclub.com/forum/the-product-of-all-the-prime-numbers-less-than-20-is-closest-135192.html
A18: 16 | B18: Very Hard | C18: 0.85 | D18: PS | E18: E | F18: Algebra | G18: Roots | H18: http://gmatclub.com/forum/if-root-3-2x-root-2x-1-then-4x-135539.html
A19: 17 | B19: Easy | C19: 0.05 | D19: PS | E19: D | F19: Roots | H19: http://gmatclub.com/forum/if-n-root-16-81-what-is-the-value-of-root-n-135540.html
A20: 18 | B20: Easy | C20: 0.05 | D20: PS | E20: A | F20: Number Properties | G20: Divisibility/Multiples/Factors | H20: http://gmatclub.com/forum/if-n-is-the-product-of-the-integers-from-1-to-8-inclusive-135542.html
A21: 19 | B21: Medium | C21: 0.25 | D21: PS | E21: A | F21: Geometry | H21: http://gmatclub.com/forum/if-k-is-an-integer-and-2-k-7-for-how-many-different-135543.html
A22: 20 | B22: Easy | C22: 0.15 | D22: PS | E22: B | F22: Geometry | H22: http://gmatclub.com/forum/a-right-circular-cone-is-inscribed-in-a-hemisphere-so-that-135548.html
A23: 21 | B23: Medium | C23: 0.25 | D23: PS | E23: D | F23: Percents and Interest Problems | H23: http://gmatclub.com/forum/john-deposited-10-000-to-open-a-new-savings-account-that-135825.html
A24: 22 | B24: Easy | C24: 0.15 | D24: PS | E24: E | F24: Geometry | H24: http://gmatclub.com/forum/a-container-in-the-shape-of-a-right-circular-cylinder-is-135826.html
A25: 23 | B25: Easy | C25: 0.15 | D25: PS | E25: B | F25: Divisibility/Multiples/Factors | G25: Must or Could be True Questions | H25: http://gmatclub.com/forum/if-the-positive-integer-x-is-a-multiple-of-4-and-the-135827.html
A26: 24 | B26: Medium | C26: 0.35 | D26: PS | E26: C | F26: Distance/Rate Problems | H26: http://gmatclub.com/forum/aaron-will-jog-from-home-at-x-miles-per-hour-and-then-walk-135828.html
A27: 25 | B27: Easy | C27: 0.05 | D27: DS | E27: E | F27: Fractions/Ratios/Decimals | H27: http://gmatclub.com/forum/if-the-units-digit-of-integer-n-is-greater-than-2-what-is-134501.html
A28: 26 | B28: Easy | C28: 0.05 | D28: DS | E28: E | F28: Number Properties | G28: Divisibility/Multiples/Factors | H28: http://gmatclub.com/forum/what-is-the-value-of-the-integer-p-134503.html
A29: 27 | B29: Medium | C29: 0.25 | D29: DS | E29: E | F29: Arithmetic | G29: Word Problems | H29: http://gmatclub.com/forum/if-the-length-of-wanda-s-telephone-call-was-rounded-up-to-134504.html
A30: 28 | B30: Easy | C30: 0.15 | D30: DS | E30: E | F30: Geometry | H30: http://gmatclub.com/forum/what-is-the-perimeter-of-isosceles-triangle-mnp-134505.html
A31: 29 | B31: Medium | C31: 0.45 | D31: DS | E31: E | F31: Overlapping Sets | G31: Percents and Interest Problems | H31: http://gmatclub.com/forum/in-a-survey-of-retailers-what-percent-had-purchased-134506.html
A32: 30 | B32: Very Hard | C32: 0.85 | D32: DS | E32: A | F32: Word Problems | H32: http://gmatclub.com/forum/the-only-gift-certificates-that-a-certain-store-sold-134895.html
A33: 31 | B33: Easy | C33: 0.15 | D33: DS | E33: D | F33: Statistics and sets problems | H33: http://gmatclub.com/forum/is-the-standard-deviation-of-the-set-of-measurements-x1-x2-134896.html
A34: 32 | B34: Hard | C34: 0.65 | D34: DS | E34: C | F34: Statistics and sets problems | G34: Inequalities | H34: http://gmatclub.com/forum/is-the-range-of-the-integers-6-3-y-4-5-and-x-greater-134897.html
A35: 33 | B35: Easy | C35: 0.05 | D35: DS | E35: D | F35: Inequalities | G35: Exponents/Powers | H35: http://gmatclub.com/forum/is-5-x-134898.html
A36: 34 | B36: Medium | C36: 0.35 | D36: DS | E36: C | F36: Overlapping Sets | H36: http://gmatclub.com/forum/of-the-companies-surveyed-about-the-skills-they-required-in-134899.html
A37: 35 | B37: Easy | C37: 0.05 | D37: DS | E37: D | F37: Algebra | H37: http://gmatclub.com/forum/what-is-the-value-of-w-q-1-3w-3-3q-2-5w-5q-135193.html
A38: 36 | B38: Easy | C38: 0.05 | D38: DS | E38: B | F38: Geometry | H38: http://gmatclub.com/forum/if-x-and-y-are-points-in-a-plane-and-x-lies-inside-the-135194.html
A39: 37 | B39: Medium | C39: 0.25 | D39: DS | E39: A | F39: Inequalities | H39: http://gmatclub.com/forum/is-x-y-1-x-y-2-2-x-2-y-135195.html
A40: 38 | B40: Easy | C40: 0.05 | D40: DS | E40: B | F40: Distance/Rate Problems | H40: http://gmatclub.com/forum/if-paula-drove-the-distance-from-her-home-to-her-college-at-135196.html
A41: 39 | B41: Very Hard | C41: 0.85 | D41: DS | E41: E | F41: Coordinate Geometry | H41: http://gmatclub.com/forum/in-the-xy-plane-if-line-k-has-negative-slope-and-passes-135197.html
A42: 40 | B42: Easy | C42: 0.05 | D42: DS | E42: D | F42: Percents and Interest Problems | H42: http://gmatclub.com/forum/if-5-000-invested-for-one-year-at-p-percent-simple-annual-135549.html
A43: 41 | B43: Hard | C43: 0.55 | D43: DS | E43: C | F43: Inequalities | H43: http://gmatclub.com/forum/if-x-y-z-0-is-x-135550.html
A44: 42 | B44: Easy | C44: 0.05 | D44: DS | E44: C | F44: Number Properties | G44: Divisibility/Multiples/Factors | H44: http://gmatclub.com/forum/does-the-integer-k-have-at-least-three-different-positive-135551.html
A45: 43 | B45: Medium | C45: 0.35 | D45: DS | E45: B | F45: Statistics and sets problems | H45: http://gmatclub.com/forum/in-city-x-last-april-was-the-average-arithmetic-mean-135552.html
A46: 44 | B46: Easy | C46: 0.05 | D46: DS | E46: A | F46: Number Properties | G46: Roots | H46: http://gmatclub.com/forum/if-m-and-n-are-positive-integers-is-root-m-n-an-integer-135553.html
A47: 45 | B47: Very Hard | C47: 0.75 | D47: DS | E47: D | F47: Word Problems | H47: http://gmatclub.com/forum/of-the-66-people-in-a-certain-auditorium-at-most-6-people-135829.html
A48: 46 | B48: Medium | C48: 0.35 | D48: DS | E48: E | F48: Statistics and sets problems | H48: http://gmatclub.com/forum/last-year-the-average-arithmetic-mean-salary-of-the-135830.html
A49: 47 | B49: Easy | C49: 0.05 | D49: DS | E49: D | F49: Overlapping Sets | H49: http://gmatclub.com/forum/in-a-certain-classroom-there-are-80-books-of-which-24-are-135831.html
A50: 48 | B50: Easy | C50: 0.15 | D50: DS | E50: C | F50: Geometry | H50: http://gmatclub.com/forum/if-p-is-the-perimeter-of-rectangle-q-what-is-the-value-of-p-135832.html

Sheet Diag V
A1: GMAT Club Guide to The GMAT Official Guide 2016
A2: Question | B2: Difficulty | C2: Percentile | D2: Type | E2: OA | F2: Primary Category | G2: Secondary Category | H2: Discussion
A3: 1 | B3: N/A | D3: RC | E3: E | F3: Business | G3: Short Passage | H3: http://gmatclub.com/forum/according-to-economic-signaling-theory-consumers-may-149974.html#p1204508
A4: 2 | B4: N/A | D4: RC | E4: C | F4: Business | G4: Short Passage | H4: http://gmatclub.com/forum/according-to-economic-signaling-theory-consumers-may-149974.html#p1204508
A5: 3 | B5: N/A | D5: RC | E5: B | F5: Business | G5: Short Passage | H5: http://gmatclub.com/forum/according-to-economic-signaling-theory-consumers-may-149974.html#p1204508
A6: 4 | B6: N/A | D6: RC | E6: A | F6: Business | G6: Short Passage | H6: http://gmatclub.com/forum/according-to-economic-signaling-theory-consumers-may-149974.html#p1204508
A7: 5 | B7: N/A | D7: RC | E7: D | F7: Business | G7: Short Passage | H7: http://gmatclub.com/forum/according-to-economic-signaling-theory-consumers-may-149974.html#p1204508
A8: 6 | B8: N/A | D8: RC | E8: C | F8: Science | G8: Long Passage | H8: http://gmatclub.com/forum/the-idea-of-the-brain-as-an-information-processor-a-149975.html
A9: 7 | B9: N/A | D9: RC | E9: A | F9: Science | G9: Long Passage | H9: http://gmatclub.com/forum/the-idea-of-the-brain-as-an-information-processor-a-149975.html
A10: 8 | B10: N/A | D10: RC | E10: A | F10: Science | G10: Long Passage | H10: http://gmatclub.com/forum/the-idea-of-the-brain-as-an-information-processor-a-149975.html
A11: 9 | B11: N/A | D11: RC | E11: B | F11: Science | G11: Long Passage | H11: http://gmatclub.com/forum/the-idea-of-the-brain-as-an-information-processor-a-149975.html
A12: 10 | B12: N/A | D12: RC | E12: A | F12: Science | G12: Long Passage | H12: http://gmatclub.com/forum/the-idea-of-the-brain-as-an-information-processor-a-149975.html
A13: 11 | B13: N/A | D13: RC | E13: B | F13: Science | G13: Long Passage | H13: http://gmatclub.com/forum/the-idea-of-the-brain-as-an-information-processor-a-149975.html
A14: 12 | B14: N/A | D14: RC | E14: D | F14: Social Science | G14: Short Passage | H14: http://gmatclub.com/forum/source-og-12-diag-test-womeni-s-grassroots-activism-and-87397.html
... A19: 17 | B19: N/A | D19: RC | E19: E | F19: Social Science | G19: Short Passage | H19: http://gmatclub.com/forum/source-og-12-diag-test-womeni-s-grassroots-activism-and-87397.html
A20: 18 | B20: Easy | C20: 0.15 | D20: CR | E20: B | F20: Evaluation of a Plan | G20: Weaken | H20: http://gmatclub.com/forum/vasquez-morrell-assurance-specializes-in-insuring-manufacturers-117826.html
A21: 19 | B21: Medium | C21: 0.25 | D21: CR | E21: E | F21: Argument Construction | G21: Strengthen | H21: http://gmatclub.com/forum/prolonged-spells-of-hot-dry-weather-at-the-149977.html
A22: 20 | B22: Medium | C22: 0.45 | D22: CR | E22: C | F22: Argument Evaluation | G22: Weaken | H22: http://gmatclub.com/forum/in-the-past-most-children-who-went-sledding-in-the-winter-20745.html
A23: 21 | B23: Medium | C23: 0.35 | D23: CR | E23: A | F23: Argument Evaluation | G23: Evaluate | H23: http://gmatclub.com/forum/metal-rings-recently-excavated-form-seventh-century-20799.html
A24: 22 | B24: Medium | C24: 0.45 | D24: CR | E24: B | F24: Evaluation of a Plan | G24: Evaluation of a Plan | H24: http://gmatclub.com/forum/folEasying-several-years-of-declining-advertising-sales-25576.html
A25: 23 | B25: Medium | C25: 0.25 | D25: CR | E25: A | F25: Argument Evaluation | G25: Weaken | H25: http://gmatclub.com/forum/motorists-in-a-certain-country-frequently-complain-that-149980.html
A26: 24 | B26: Medium | C26: 0.25 | D26: CR | E26: C | F26: Argument Construction | G26: Inference | H26: http://gmatclub.com/forum/the-percentage-of-households-with-an-annual-income-of-more-9003.html
A27: 25 | B27: Easy | C27: 0.05 | D27: CR | E27: B | F27: Argument Evaluation | G27: Strengthen | H27: http://gmatclub.com/forum/tiger-beetles-are-such-fast-runners-that-they-can-capture-virtually-25607.html
A28: 26 | B28: Medium | C28: 0.45 | D28: CR | E28: D | F28: Argument Evaluation | G28: Weaken | H28: http://gmatclub.com/forum/guillemots-are-birds-for-arctic-regions-they-feed-on-fish-82065.html
A29: 27 | B29: Easy | C29: 0.15 | D29: CR | E29: D | F29: Argument Construction | G29: Complete the passage | H29: http://gmatclub.com/forum/some-batches-of-polio-vaccine-used-around-1960-were-149981.html
A30: 28 | B30: Medium | C30: 0.25 | D30: CR | E30: E | F30: Argument Construction | G30: Assumption | H30: http://gmatclub.com/forum/gortland-has-long-been-narrowly-self-sufficient-in-both-grain-and-meat-12544.html
A31: 29 | B31: Easy | C31: 0.15 | D31: CR | E31: E | F31: Evaluation of a Plan | G31: Evaluation of a Plan | H31: http://gmatclub.com/forum/the-hazelton-coal-processing-plant-is-a-major-employer-in-116422.html
... A37: 35 | B37: Easy | C37: 0.05 | D37: SC | E37: D | F37: Comparisons | G37: Modifiers | H37: http://gmatclub.com/forum/explanation-required-for-og-sc-87954.html
A38: 36 | B38: Easy | C38: 0.25 | D38: SC | E38: B | F38: Parallelism | H38: http://gmatclub.com/forum/new-data-from-united-states-forest-service-ecologists-show-102295.html
A39: 37 | B39: Medium | C39: 0.35 | D39: SC | E39: B | F39: Comparisons | G39: Grammatical Constuction | H39: http://gmatclub.com/forum/like-the-grassy-fields-and-old-pastures-that-the-upland-10047.html
A40: 38 | B40: Easy | C40: 0.25 | D40: SC | E40: E | F40: Parallelism | G40: Grammatical Constuction | H40: http://gmatclub.com/forum/the-results-of-two-recent-unrelated-studies-support-the-idea-24943.html
A41: 39 | B41: Medium | C41: 0.45 | D41: SC | E41: B | F41: Verb Tense/Form | G41: Idioms | H41: http://gmatclub.com/forum/according-to-scholars-the-earliest-writing-was-probably-not-23872.html
A42: 40 | B42: Medium | C42: 0.35 | D42: SC | E42: A | F42: Modifiers | G42: Parallelism | H42: http://gmatclub.com/forum/in-1995-richard-stallman-a-well-known-critic-of-the-patent-system-22582.html
A43: 41 | B43: Medium | C43: 0.35 | D43: SC | E43: E | F43: Subject Verb Agreement | G43: Parallelism | H43: http://gmatclub.com/forum/excavators-at-the-indus-valley-site-of-harappa-in-eastern-145974.html#p1170611
A44: 42 | B44: Medium | C44: 0.25 | D44: SC | E44: D | F44: Pronouns | H44: http://gmatclub.com/forum/the-supreme-court-has-ruled-that-public-universities-may-20807.html
A45: 43 | B45: Medium | C45: 0.25 | D45: SC | E45: C | F45: Subject Verb Agreement | H45: http://gmatclub.com/forum/despite-the-increasing-number-of-women-graduating-37482.html
A46: 44 | B46: Medium | C46: 0.25 | D46: SC | E46: B | F46: Modifiers | H46: http://gmatclub.com/forum/seldom-more-that-40-feet-wide-and-12-feet-deep-but-it-ran-39269.html
A47: 45 | B47: Medium | C47: 0.35 | D47: SC | E47: C | F47: Idioms | H47: http://gmatclub.com/forum/in-1923-the-supreme-court-declared-a-minimum-wage-for-women-24528.html
A48: 46 | B48: Easy | C48: 0.05 | D48: SC | E48: A | F48: Parallelism | G48: Diction | H48: http://gmatclub.com/forum/explanation-required-for-og-sc-87954.html
A49: 47 | B49: Easy | C49: 0.05 | D49: SC | E49: B | F49: Comparisons | G49: Idioms | H49: http://gmatclub.com/forum/like-embryonic-germ-cells-which-are-cells-that-develop-67626.html
A50: 48 | B50: Easy | C50: 0.15 | D50: SC | E50: B | F50: Parallelism | H50: http://gmatclub.com/forum/critics-contend-that-the-new-missile-is-a-weapon-whose-149986.html
A51: 49 | B51: Hard | C51: 0.55 | D51: SC | E51: C | F51: Modifiers | H51: http://gmatclub.com/forum/as-an-actress-and-more-importantly-as-a-teacher-of-acting-20808.html
A52: 50 | B52: Easy | C52: 0.25 | D52: SC | E52: A | F52: Parallelism | H52: http://gmatclub.com/forum/by-developing-the-secure-digital-music-initiative-the-recording-26029.html
A53: 51 | B53: Easy | C53: 0.05 | D53: SC | E53: E | F53: Comparisons | H53: http://gmatclub.com/forum/whereas-a-ramjet-generally-cannot-achieve-high-speeds-149988.html
A54: 52 | B54: Easy | C54: 0.15 | D54: SC | E54: E | F54: Comparisons | H54: http://gmatclub.com/forum/it-will-not-be-possible-to-implicate-melting-sea-ice-in-the-coastal-24529.html

Sheet PS
A1: GMAT Club Guide to The GMAT Official Guide 2016
A2: Question | B2: Difficulty | C2: Percentile | D2: OA | E2: Primary Category | F2: Secondary Category | G2: Link
A3: 1 | B3: Easy | C3: 0.05 | D3: E | E3: Percents and Interest Problems | G3: http://gmatclub.com/forum/the-price-of-a-coat-in-a-certain-store-is-500-if-the-price-of-the-co-200102.html
A4: 2 | B4: Easy | C4: 0.05 | D4: A | E4: Arithmetic | G4: http://gmatclub.com/forum/1-207120.html
A5: 3 | B5: Easy | C5: 0.05 | D5: C | E5: Word Problems | G5: http://gmatclub.com/forum/today-rebecca-who-is-34-years-old-and-her-daughter-who-is-8-years-207121.html
A6: 4 | B6: Easy | C6: 0.05 | D6: C | E6: Word Problems | G6: http://gmatclub.com/forum/a-case-contains-c-cartons-each-carton-contains-b-boxes-and-136192.html
A7: 5 | B7: Easy | C7: 0.05 | D7: E | E7: Coordinate Geometry | G7: http://gmatclub.com/forum/on-the-graph-above-when-x-1-2-y-2-and-when-x-1-y-136560.html
A8: 6 | B8: Easy | C8: 0.05 | D8: D | E8: Arithmetic | F8: Percents and Interest Problems | G8: http://gmatclub.com/forum/when-1-10-percent-of-5-000-is-subtracted-from-1-10-of-136561.html
A9: 7 | B9: Easy | C9: 0.05 | D9: E | E9: Roots | G9: http://gmatclub.com/forum/which-of-the-following-is-the-value-of-root-3rd-rt-136562.html
A10: 8 | B10: Medium | C10: 0.25 | D10: A | E10: Probability | G10: http://gmatclub.com/forum/raffle-tickets-numbered-consecutively-from-101-through-136563.html
A11: 9 | B11: Easy | C11: 0.05 | D11: C | E11: Percents and Interest Problems | G11: http://gmatclub.com/forum/when-leo-imported-a-certain-item-he-paid-a-7-percent-import-136875.html
A12: 10 | B12: Easy | C12: 0.05 | D12: B | E12: Statistics and Sets Problems | G12: http://gmatclub.com/forum/the-numbers-of-cars-sold-at-a-certain-dealership-on-six-of-136876.html
A13: 11 | B13: Easy | C13: 0.05 | D13: D | E13: Percents and Interest Problems | G13: http://gmatclub.com/forum/if-it-is-assumed-that-60-percent-of-those-who-receive-a-questionnaire-207122.html
A14: 12 | B14: Easy | C14: 0.05 | D14: A | E14: Geometry | G14: http://gmatclub.com/forum/a-rectangular-garden-is-to-be-twice-as-long-as-it-is-wide-136877.html
A15: 13 | B15: Easy | C15: 0.05 | D15: B | E15: Geometry | G15: http://gmatclub.com/forum/a-rectangular-floor-that-measures-8-meters-by-10-meters-is-to-be-cover-207123.html
A16: 14 | B16: Easy | C16: 0.05 | D16: D | E16: Arithmetic | G16: http://gmatclub.com/forum/if-893-78-p-which-of-the-following-is-equal-to-207125.html
A17: 15 | B17: Easy | C17: 0.05 | D17: C | E17: Arithmetic | G17: http://gmatclub.com/forum/if-the-average-arithmetic-mean-of-the-four-numbers-3-15-32-and-n-207126.html
A18: 16 | B18: Easy | C18: 0.05 | D18: C | E18: Absolute Values | F18: Must or Could be True Questions | G18: http://gmatclub.com/forum/if-y-1-2-11-2-which-of-the-following-could-be-a-value-136878.html
A19: 17 | B19: Easy | C19: 0.05 | D19: E | E19: Absolute Values | G19: http://gmatclub.com/forum/if-k-2-m-2-which-of-the-following-must-be-true-204660.html
A20: 18 | B20: Easy | C20: 0.05 | D20: B | E20: Geometry | G20: http://gmatclub.com/forum/the-figure-above-shows-a-path-around-a-triangular-piece-of-land-mary-207129.html
A21: 19 | B21: Easy | C21: 0.05 | D21: C | E21: Fractions | F21: Ratios | G21: http://gmatclub.com/forum/at-a-supermarket-john-spent-1-2-of-his-money-on-fresh-fruit-136879.html
A22: 20 | B22: Easy | C22: 0.05 | D22: A | E22: Statistics and Sets Problems | F22: Word Problems | G22: http://gmatclub.com/forum/on-monday-a-person-mailed-8-packages-weighing-an-average-137216.html
A23: 21 | B23: Easy | C23: 0.05 | D23: C | E23: Algebra | G23: http://gmatclub.com/forum/if-1-1-25-n-1-then-n-207130.html
A24: 22 | B24: Easy | C24: 0.05 | D24: B | E24: Exponents | F24: Arithmetic | G24: http://gmatclub.com/forum/topic-137217.html
A25: 23 | B25: Easy | C25: 0.05 | D25: D | E25: Geometry | G25: http://gmatclub.com/forum/a-carpenter-constructed-a-rectangular-sandbox-with-a-137218.html
A26: 24 | B26: Easy | C26: 0.05 | D26: D | E26: Word Problems | G26: http://gmatclub.com/forum/a-bakery-opened-yesterday-with-its-daily-supply-of-40-dozen-137219.html
A27: 25 | B27: Easy | C27: 0.05 | D27: B | E27: Algebra | G27: http://gmatclub.com/forum/if-2x-y-7-and-x-2y-5-then-x-y-207131.html
A28: 26 | B28: Easy | C28: 0.05 | D28: C | E28: Fractions | F28: Ratios | G28: http://gmatclub.com/forum/what-is-the-25th-digit-to-the-right-of-the-decimal-point-in-137220.html
A29: 27 | B29: Easy | C29: 0.05 | D29: E | E29: Graphs and Illustrations | G29: http://gmatclub.com/forum/the-graph-above-shows-the-height-of-the-tide-in-feet-above-or-below-207132.html
A30: 28 | B30: Easy | C30: 0.05 | D30: E | E30: Percents and Interest Problems | G30: http://gmatclub.com/forum/150-is-what-percent-of-137534.html
A31: 29 | B31: Easy | C31: 0.05 | D31: A | E31: Fractions | F31: Ratios | G31: http://gmatclub.com/forum/the-ratio-2-to-1-3-is-equal-to-the-ratio-137535.html
A32: 30 | B32: Easy | C32: 0.05 | D32: D | E32: Percents and Interest Problems | F32: Word Problems | G32: http://gmatclub.com/forum/a-manufacturer-of-a-certain-product-can-expect-that-between-0-3-percen-207133.html
A33: 31 | B33: Easy | C33: 0.05 | D33: C | E33: Geometry | G33: http://gmatclub.com/forum/a-flat-patio-was-built-alongside-a-house-as-shown-in-the-figure-above-207134.html
A34: 32 | B34: Easy | C34: 0.05 | D34: E | E34: Statistics and Sets Problems | G34: http://gmatclub.com/forum/a-student-s-average-arithmetic-mean-test-score-on-4-tests-137873.html
A35: 33 | B35: Easy | C35: 0.05 | D35: D | E35: Geometry | G35: http://gmatclub.com/forum/in-the-figure-above-what-is-the-ratio-of-the-measure-of-angle-b-to-207135.html
A36: 34 | B36: Easy | C36: 0.05 | D36: B | E36: Percents and Interest Problems | G36: http://gmatclub.com/forum/lucy-invested-10-000-in-a-new-mutual-fund-account-exactly-138291.html
A37: 35 | B37: Easy | C37: 0.05 | D37: B | E37: Remainders | F37: Work/Rate Problems | G37: http://gmatclub.com/forum/if-n-is-a-prime-number-greater-than-3-what-is-the-remainder-122490.html
A38: 36 | B38: Easy | C38: 0.05 | D38: D | E38: Arithmetic | G38: http://gmatclub.com/forum/1-137870.html
A39: 37 | B39: Easy | C39: 0.05 | D39: A | E39: Min-Max Problems | F39: Overlapping Sets | G39: http://gmatclub.com/forum/of-the-50-researchers-in-a-workgroup-40-percent-will-be-137538.html
A40: 38 | B40: Easy | C40: 0.05 | D40: D | E40: Divisibility | F40: Multiples | G40: http://gmatclub.com/forum/the-positive-two-digit-integers-x-and-y-have-the-same-digits-but-in-207196.html
A41: 39 | B41: Easy | C41: 0.05 | D41: C | E41: Sequences | G41: http://gmatclub.com/forum/in-a-certain-sequence-of-8-numbers-each-number-after-the-first-is-207197.html
A42: 40 | B42: Easy | C42: 0.05 | D42: B | E42: Work/Rate Problems | G42: http://gmatclub.com/forum/how-many-minutes-does-it-take-john-to-type-y-words-if-he-138295.html
A43: 41 | B43: Easy | C43: 0.05 | D43: C | E43: Geometry | G43: http://gmatclub.com/forum/if-o-is-the-center-of-the-circle-above-what-fraction-of-the-138729.html
A44: 42 | B44: Easy | C44: 0.15 | D44: D | E44: Algebra | G44: http://gmatclub.com/forum/which-of-the-following-equations-is-not-equivalent-to-10y-138730.html
A45: 43 | B45: Medium | C45: 0.45 | D45: E | E45: Remainders | G45: http://gmatclub.com/forum/the-dial-shown-above-is-divided-into-equal-sized-intervals-at-which-207198.html
A46: 44 | B46: Easy | C46: 0.15 | D46: D | E46: Coordinate Geometry | G46: http://gmatclub.com/forum/the-graph-of-the-equation-xy-k-where-k-0-lies-in-which-two-of-th-207199.html
A47: 45 | B47: Medium | C47: 0.25 | D47: B | E47: Geometry | G47: http://gmatclub.com/forum/the-smaller-rectangle-in-the-figure-above-represents-the-original-size-207200.html
A48: 46 | B48: Easy | C48: 0.05 | D48: A | E48: Fractions | F48: Ratios | G48: http://gmatclub.com/forum/1-139115.html
A49: 47 | B49: Easy | C49: 0.05 | D49: B | E49: Algebra | G49: http://gmatclub.com/forum/if-1-5-0-2-x-5-then-x-139116.html
A50: 48 | B50: Easy | C50: 0.05 | D50: C | E50: Must or Could be True Questions | F50: Number Properties | G50: http://gmatclub.com/forum/if-n-is-an-integer-which-of-the-following-must-be-even-139118.html
A51: 49 | B51: Easy | C51: 0.05 | D51: B | E51: Arithmetic | F51: Fractions | G51: http://gmatclub.com/forum/the-sum-7-8-1-9-is-between-139470.html
A52: 50 | B52: Medium | C52: 0.25 | D52: C | E52: Word Problems | G52: http://gmatclub.com/forum/car-x-averages-25-0-miles-per-gallon-of-gasoline-and-car-y-139473.html
A53: 51 | B53: Easy | C53: 0.15 | D53: B | E53: Absolute Values | F53: Min-Max Problems | G53: http://gmatclub.com/forum/if-y-is-an-integer-then-the-least-possible-value-of-139867.html
A54: 52 | B54: Easy | C54: 0.05 | D54: A | E54: Roots | G54: http://gmatclub.com/forum/root-80-root-139868.html
A55: 53 | B55: Easy | C55: 0.05 | D55: B | E55: Algebra | G55: http://gmatclub.com/forum/in-the-equation-above-k-is-a-constant-if-y-17-when-x-139870.html
A56: 54 | B56: Easy | C56: 0.05 | D56: D | E56: Algebra | G56: http://gmatclub.com/forum/in-the-table-above-what-is-the-number-of-green-marbles-in-j-139871.html
A57: 55 | B57: Easy | C57: 0.15 | D57: D | E57: Percents and Interest Problems | G57: http://gmatclub.com/forum/of-the-land-owned-by-a-farmer-90-percent-was-cleared-for-planting-of-207201.html
A58: 56 | B58: Easy | C58: 0.05 | D58: D | E58: Sequences | G58: http://gmatclub.com/forum/at-the-start-of-an-experiment-a-certain-population-consisted-of-207202.html
A59: 57 | B59: Easy | C59: 0.15 | D59: E | E59: Algebra | G59: http://gmatclub.com/forum/which-of-the-following-expressions-can-be-written-as-an-integer-207224.html
A60: 58 | B60: Medium | C60: 0.25 | D60: D | E60: Fractions | G60: http://gmatclub.com/forum/four-staff-members-at-a-certain-company-worked-on-a-project-128243.html
A61: 59 | B61: Easy | C61: 0.05 | D61: B | E61: Work/Rate Problems | G61: http://gmatclub.com/forum/pumping-alone-at-their-respective-constant-rates-one-inlet-pipe-fills-105544.html
A62: 60 | B62: Easy | C62: 0.15 | D62: B | E62: Coordinate Geometry | G62: http://gmatclub.com/forum/in-the-xy-coordinate-plane-which-of-the-following-points-must-lie-on-207226.html
A63: 61 | B63: Medium | C63: 0.25 | D63: C | E63: Inequalities | G63: http://gmatclub.com/forum/if-x-2-2-0-which-of-the-following-specifies-all-the-possible-207227.html
A64: 62 | B64: Medium | C64: 0.25 | D64: B | E64: Percents and Interest Problems | G64: http://gmatclub.com/forum/company-p-had-15-percent-more-employees-in-december-than-it-140241.html
A65: 63 | B65: Easy | C65: 0.15 | D65: D | E65: Functions and Custom Characters | G65: http://gmatclub.com/forum/the-function-f-is-defined-by-f-x-x-1-2-10-for-all-positive-207307.html
... A67: 65 | B67: Easy | C67: 0.05 | D67: E | E67: Percents and Interest Problems | G67: http://gmatclub.com/forum/a-glucose-solution-contains-15-grams-of-glucose-per-140243.html
A68: 66 | B68: Medium | C68: 0.25 | D68: C | E68: Algebra | F68: Must or Could be True Questions | G68: http://gmatclub.com/forum/if-x-y-c-d-and-d-c-b-a-which-of-the-following-must-be-true-207308.html
A69: 67 | B69: Medium | C69: 0.35 | D69: E | E69: Arithmetic | G69: http://gmatclub.com/forum/if-k-is-an-integer-and-0-0025-0-025-0-00025-10k-is-an-integer-w-207309.html
A70: 68 | B70: Medium | C70: 0.25 | D70: B | E70: Algebra | G70: http://gmatclub.com/forum/if-a-a-2-24-and-b-b-2-24-where-a-b-then-a-b-205507.html
A71: 69 | B71: Hard | C71: 0.55 | D71: E | E71: Percents and Interest Problems | G71: http://gmatclub.com/forum/in-a-recent-election-ms-robbins-received-8-000-votes-cast-by-indepen-207311.html
A72: 70 | B72: Medium | C72: 0.25 | D72: E | E72: Geometry | G72: http://gmatclub.com/forum/in-the-figure-shown-the-triangle-is-inscribed-in-the-semicircle-if-207312.html
A73: 71 | B73: Hard | C73: 0.55 | D73: D | E73: Word Problems | G73: http://gmatclub.com/forum/on-a-certain-day-orangeade-was-made-by-mixing-a-certain-140244.html
A74: 72 | B74: Easy | C74: 0.05 | D74: A | E74: Arithmetic | G74: http://gmatclub.com/forum/if-1-kilometer-is-approximately-0-6-mile-which-of-the-140731.html
A75: 73 | B75: Easy | C75: 0.15 | D75: B | E75: Geometry | G75: http://gmatclub.com/forum/the-figure-shown-above-represents-a-modern-painting-that-consists-of-f-207313.html
A76: 74 | B76: Medium | C76: 0.25 | D76: B | E76: Arithmetic | F76: Word Problems | G76: http://gmatclub.com/forum/a-certain-fruit-stand-sold-apples-for-0-70-each-and-bananas-101966.html
A77: 75 | B77: Easy | C77: 0.05 | D77: B | E77: Coordinate Geometry | G77: http://gmatclub.com/forum/in-the-xy-plane-what-is-the-slope-of-the-line-with-equation-140727.html
A78: 76 | B78: Easy | C78: 0.15 | D78: B | E78: Work | F78: Rate Problems | G78: http://gmatclub.com/forum/working-simultaneously-and-independently-at-an-identical-constant-rate-207314.html
A79: 77 | B79: Medium | C79: 0.25 | D79: E | E79: Fractions | F79: Ratios | G79: http://gmatclub.com/forum/at-a-certain-school-the-ratio-of-the-number-of-second-grade-128242.html
A80: 78 | B80: Medium | C80: 0.25 | D80: B | E80: Arithmetic | G80: http://gmatclub.com/forum/the-average-distance-between-the-sun-and-a-certain-planet-is-140733.html
A81: 79 | B81: Easy | C81: 0.05 | D81: B | E81: Statistics and Sets Problems | G81: http://gmatclub.com/forum/if-m-is-the-average-arithmetic-mean-of-the-first-128258.html
A82: 80 | B82: Easy | C82: 0.05 | D82: B | E82: Probability | G82: http://gmatclub.com/forum/two-integers-will-be-randomly-selected-from-the-sets-above-143451.html
A83: 81 | B83: Easy | C83: 0.15 | D83: E | E83: Coordinate Geometry | F83: Geometry | G83: http://gmatclub.com/forum/in-the-coordinate-plane-a-circle-has-center-2-3-and-88057.html
A84: 82 | B84: Medium | C84: 0.35 | D84: A | E84: Percents and Interest Problems | G84: http://gmatclub.com/forum/the-cost-c-in-dollars-to-remove-p-percent-of-a-certain-pollutant-fro-207315.html
A85: 83 | B85: Medium | C85: 0.45 | D85: E | E85: Algebra | G85: http://gmatclub.com/forum/if-xy-0-and-x-2y-2-xy-6-which-of-the-following-could-be-y-in-te-207316.html
A86: 84 | B86: Easy | C86: 0.15 | D86: D | E86: Arithmetic | G86: http://gmatclub.com/forum/at-a-certain-instant-in-time-the-number-of-cars-n-143452.html
A87: 85 | B87: Easy | C87: 0.15 | D87: B | E87: Arithmetic | G87: http://gmatclub.com/forum/4-8-10-9-1-2-is-closest-in-value-to-207317.html
A88: 86 | B88: Medium | C88: 0.45 | D88: E | E88: Geometry | G88: http://gmatclub.com/forum/for-a-party-three-solid-cheese-balls-with-diameters-of-2-inches-4-in-207385.html
A89: 87 | B89: Easy | C89: 0.15 | D89: D | E89: Arithmetic | G89: http://gmatclub.com/forum/the-sum-of-all-the-integers-k-such-that-26-k-24-is-207386.html
A90: 88 | B90: Easy | C90: 0.15 | D90: E | E90: Statistics and Sets Problems | F90: Absolute Values | G90: http://gmatclub.com/forum/the-number-line-shown-contains-three-points-r-s-and-t-whose-coordin-113036.html
A91: 89 | B91: Easy | C91: 0.05 | D91: E | E91: Overlapping Sets | G91: http://gmatclub.com/forum/a-certain-high-school-has-5-000-students-of-these-students-x-are-207387.html
A92: 90 | B92: Medium | C92: 0.45 | D92: D | E92: Percents and Interest Problems | G92: http://gmatclub.com/forum/yesterday-s-closing-prices-of-2-420-different-stocks-listed-138933.html
A93: 91 | B93: Easy | C93: 0.05 | D93: D | E93: Overlapping Sets | G93: http://gmatclub.com/forum/each-person-who-attended-a-company-meeting-was-either-a-stockholder-in-207388.html
A94: 92 | B94: Easy | C94: 0.05 | D94: C | E94: Algebra | G94: http://gmatclub.com/forum/if-y-3x-5-2-y-and-y-0-then-x-143491.html
A95: 93 | B95: Easy | C95: 0.05 | D95: B | E95: Divisibility | F95: Multiples | G95: http://gmatclub.com/forum/a-gym-class-can-be-divided-into-8-teams-with-an-equal-number-143494.html
A96: 94 | B96: Medium | C96: 0.35 | D96: D | E96: Geometry | G96: http://gmatclub.com/forum/in-the-figure-above-triangle-abc-is-equilateral-and-point-143496.html
A97: 95 | B97: Easy | C97: 0.05 | D97: E | E97: Min-Max Problems | G97: http://gmatclub.com/forum/at-least-2-3-of-the-40-members-of-a-committee-must-vote-in-143637.html
A98: 96 | B98: Easy | C98: 0.05 | D98: C | E98: Divisibility | F98: Multiples | G98: http://gmatclub.com/forum/if-n-20-17-then-n-is-divisible-by-which-of-the-143638.html
A99: 97 | B99: Easy | C99: 0.15 | D99: B | E99: Arithmetic | G99: http://gmatclub.com/forum/according-to-a-certain-estimate-the-depth-n-t-in-centimeters-of-126480.html
A100: 98 | B100: Hard | C100: 0.55 | D100: A | E100: Distance | F100: Rate Problems | G100: http://gmatclub.com/forum/after-driving-to-a-riverfront-parking-lot-bob-plans-to-run-143698.html
A101: 99 | B101: Medium | C101: 0.35 | D101: D | E101: Percents and Interest Problems | G101: http://gmatclub.com/forum/alex-deposited-x-dollars-into-a-new-account-126459.html
...

Sheet DS
A1: GMAT Club Guide to The GMAT Official Guide 2016
A2: Question | B2: Difficulty | C2: Percentile | D2: OA | E2: Primary Category | F2: Secondary Category | G2: Link
A3: 1 | B3: Easy | C3: 0.05 | D3: A | E3: Word Problems | G3: http://gmatclub.com/forum/if-the-two-floors-in-a-certain-building-are-9-feet-apart-136198.html
A4: 2 | B4: Easy | C4: 0.05 | D4: E | E4: Overlapping Sets | G4: http://gmatclub.com/forum/in-college-x-the-number-of-students-enrolled-in-both-a-136199.html
A5: 3 | B5: Easy | C5: 0.05 | D5: D | E5: Number Properties | G5: http://gmatclub.com/forum/if-n-is-an-integer-is-n-1-odd-136565.html
A6: 4 | B6: Easy | C6: 0.05 | D6: C | E6: Word Problems | G6: http://gmatclub.com/forum/a-citrus-fruit-grower-receives-15-for-each-crate-of-oranges-136567.html
A7: 5 | B7: Easy | C7: 0.05 | D7: A | E7: Word Problems | G7: http://gmatclub.com/forum/if-pat-saved-600-of-his-earnings-last-month-how-much-did-136568.html
A8: 6 | B8: Easy | C8: 0.05 | D8: C | E8: Coordinate Geometry | F8: Geometry | G8: http://gmatclub.com/forum/in-the-xy-plane-above-is-angle-qpr-a-right-angle-136880.html
A9: 7 | B9: Easy | C9: 0.05 | D9: C | E9: Probability | G9: http://gmatclub.com/forum/each-of-the-marbles-in-a-jar-is-either-red-or-white-or-blue-if-one-ma-205775.html
A10: 8 | B10: Easy | C10: 0.05 | D10: B | E10: Work | F10: Rate Problems | G10: http://gmatclub.com/forum/water-is-pumped-into-a-partially-filled-tank-at-a-constant-136881.html
A11: 9 | B11: Easy | C11: 0.05 | D11: B | E11: Number Properties | G11: http://gmatclub.com/forum/if-i-and-j-are-integers-is-i-j-an-even-integer-136883.html
A12: 10 | B12: Easy | C12: 0.05 | D12: D | E12: Percent and Interest Problems | G12: http://gmatclub.com/forum/what-is-the-value-of-10-percent-of-y-205776.html
A13: 11 | B13: Easy | C13: 0.05 | D13: D | E13: Roots | G13: http://gmatclub.com/forum/what-is-the-cube-root-of-w-136884.html
A14: 12 | B14: Easy | C14: 0.05 | D14: C | E14: Sequences | G14: http://gmatclub.com/forum/if-sequence-s-has-120-terms-what-is-the-105th-term-of-s-205777.html
A15: 13 | B15: Easy | C15: 0.05 | D15: D | E15: Sequences | G15: http://gmatclub.com/forum/the-number-of-seats-in-the-first-row-of-an-auditorium-is-137223.html
A16: 14 | B16: Easy | C16: 0.05 | D16: E | E16: Word Problems | G16: http://gmatclub.com/forum/what-was-the-range-of-the-selling-prices-of-the-30-wallets-sold-by-a-64383.html
A17: 15 | B17: Easy | C17: 0.15 | D17: E | E17: Word Problems | G17: http://gmatclub.com/forum/three-houses-are-being-sold-through-a-real-estate-agent-205778.html
A18: 16 | B18: Easy | C18: 0.05 | D18: E | E18: Inequalities | G18: http://gmatclub.com/forum/is-rw-205779.html
A19: 17 | B19: Easy | C19: 0.05 | D19: E | E19: Overlapping Sets | G19: http://gmatclub.com/forum/what-percent-of-the-drama-club-members-enrolled-at-a-certain-137539.html
A20: 18 | B20: Easy | C20: 0.15 | D20: D | E20: Algebra | G20: http://gmatclub.com/forum/is-x-1-y-207474.html
A21: 19 | B21: Easy | C21: 0.05 | D21: E | E21: Overlapping Sets | G21: http://gmatclub.com/forum/how-many-people-in-a-group-of-50-own-neither-a-fax-machine-nor-a-laser-205780.html
A22: 20 | B22: Easy | C22: 0.15 | D22: D | E22: Exponents | F22: Powers | G22: http://gmatclub.com/forum/what-is-the-value-of-w-207475.html
A23: 21 | B23: Easy | C23: 0.05 | D23: D | E23: Percent and Interest Problems | G23: http://gmatclub.com/forum/a-certain-investment-earned-a-fixed-rate-of-4-percent-interest-per-yea-207476.html
A24: 22 | B24: Easy | C24: 0.05 | D24: D | E24: Distance | F24: Rate Problems | G24: http://gmatclub.com/forum/on-a-recent-trip-mary-drove-50-miles-what-was-the-average-137540.html
A25: 23 | B25: Medium | C25: 0.25 | D25: D | E25: Word Problems | G25: http://gmatclub.com/forum/for-a-certain-car-repair-the-total-charge-consisted-of-a-charge-for-p-207477.html
A26: 24 | B26: Easy | C26: 0.05 | D26: D | E26: Fractions | F26: Ratios | G26: http://gmatclub.com/forum/in-mr-smith-s-class-what-is-the-ratio-of-the-number-of-boy-137541.html
A27: 25 | B27: Easy | C27: 0.05 | D27: A | E27: Sequences | G27: http://gmatclub.com/forum/if-the-sequence-s-has-300-terms-what-is-the-293rd-term-of-s-137542.html
A28: 26 | B28: Easy | C28: 0.15 | D28: D | E28: Geometry | G28: http://gmatclub.com/forum/square-abcd-is-inscribed-in-circle-o-what-is-the-area-of-square-regio-207478.html
A29: 27 | B29: Easy | C29: 0.05 | D29: E | E29: Coordinate Geometry | G29: http://gmatclub.com/forum/lines-k-and-m-are-parallel-to-each-other-is-the-slope-of-100447.html
A30: 28 | B30: Medium | C30: 0.25 | D30: E | E30: Percent and Interest Problems | G30: http://gmatclub.com/forum/on-a-certain-date-hannah-invested-5-000-at-x-percent-137543.html
A31: 29 | B31: Medium | C31: 0.25 | D31: B | E31: Word Problems | G31: http://gmatclub.com/forum/do-at-least-60-percent-of-the-students-in-pat-s-class-walk-to-school-207479.html
A32: 30 | B32: Easy | C32: 0.05 | D32: B | E32: Word Problems | G32: http://gmatclub.com/forum/the-profit-from-the-sale-of-a-certain-appliance-increases-137874.html
A33: 31 | B33: Easy | C33: 0.05 | D33: D | E33: Number Properties | G33: http://gmatclub.com/forum/if-n-is-an-integer-is-n-even-137875.html
A34: 32 | B34: Easy | C34: 0.15 | D34: D | E34: Word Problems | G34: http://gmatclub.com/forum/carmen-currently-works-30-hours-per-week-at-her-part-time-137876.html
A35: 33 | B35: Easy | C35: 0.05 | D35: C | E35: Word Problems | G35: http://gmatclub.com/forum/if-90-students-auditioned-for-the-school-musical-how-many-137877.html
A36: 34 | B36: Medium | C36: 0.25 | D36: D | E36: Fractions | F36: Ratios | G36: http://gmatclub.com/forum/if-a-and-b-are-positive-integers-is-a-b-207480.html
A37: 35 | B37: Easy | C37: 0.05 | D37: B | E37: Fractions | F37: Ratios | G37: http://gmatclub.com/forum/if-t-denotes-the-thousandths-digit-in-the-decimal-138297.html
A38: 36 | B38: Easy | C38: 0.05 | D38: D | E38: Number Properties | G38: http://gmatclub.com/forum/if-a-and-b-are-positive-integers-is-the-product-ab-even-138298.html
A39: 37 | B39: Medium | C39: 0.25 | D39: C | E39: Algebra | G39: http://gmatclub.com/forum/if-x-and-y-are-positive-integers-what-is-the-value-of-x-1-2-y-207481.html
A40: 38 | B40: Easy | C40: 0.15 | D40: D | E40: Word Problems | F40: Distance | G40: http://gmatclub.com/forum/a-certain-truck-uses-1-12-kv-2-gallons-of-fuel-per-mile-when-its-spee-205785.html
A41: 39 | B41: Medium | C41: 0.25 | D41: D | E41: Algebra | G41: http://gmatclub.com/forum/if-x-2t-and-y-t-3-what-is-the-value-of-x-2-y-207645.html
A42: 40 | B42: Medium | C42: 0.35 | D42: A | E42: Percent and Interest Problems | G42: http://gmatclub.com/forum/by-what-percent-was-the-price-of-a-certain-television-set-discounted-207646.html
A43: 41 | B43: Medium | C43: 0.25 | D43: E | E43: Exponents | F43: Powers | G43: http://gmatclub.com/forum/if-n-is-an-integer-is-0-1-n-greater-than-10-n-207647.html
A44: 42 | B44: Easy | C44: 0.15 | D44: B | E44: Word Problems | G44: http://gmatclub.com/forum/the-weights-of-all-dishes-of-type-x-are-exactly-the-same-138299.html
A45: 43 | B45: Medium | C45: 0.45 | D45: E | E45: Word Problems | G45: http://gmatclub.com/forum/a-certain-high-school-with-a-total-enrollment-of-900-student-138300.html
A46: 44 | B46: Easy | C46: 0.15 | D46: D | E46: Geometry | G46: http://gmatclub.com/forum/the-inside-of-a-rectangular-carton-is-48-centimeters-long-138301.html
A47: 45 | B47: Easy | C47: 0.15 | D47: A | E47: Statistics and Sets Problems | F47: Word Problems | G47: http://gmatclub.com/forum/the-average-arithmetic-mean-price-of-the-3-items-that-kate-138735.html
A48: 46 | B48: Medium | C48: 0.35 | D48: E | E48: Word Problems | G48: http://gmatclub.com/forum/a-company-makes-and-sells-two-products-p-and-q-the-costs-per-unit-of-207648.html
A49: 47 | B49: Easy | C49: 0.05 | D49: B | E49: Statistics and Sets Problems | G49: http://gmatclub.com/forum/a-scientist-recorded-the-number-of-eggs-in-each-of-10-birds-138736.html
A50: 48 | B50: Medium | C50: 0.45 | D50: A | E50: Distance | F50: Rate Problems | G50: http://gmatclub.com/forum/a-conveyor-belt-moves-bottles-at-a-constant-speed-of-120-centimeters-207649.html
A51: 49 | B51: Medium | C51: 0.35 | D51: E | E51: Geometry | G51: http://gmatclub.com/forum/the-rectangular-rug-shown-in-the-figure-above-has-an-accent-border-207650.html
A52: 50 | B52: Medium | C52: 0.25 | D52: E | E52: Probability | G52: http://gmatclub.com/forum/terry-holds-12-cards-each-of-which-is-red-white-green-or-138737.html
A53: 51 | B53: Medium | C53: 0.45 | D53: D | E53: Geometry | G53: http://gmatclub.com/forum/in-the-parallelogram-shown-what-is-the-value-of-x-207651.html
A54: 52 | B54: Medium | C54: 0.35 | D54: A | E54: Percent and Interest Problems | G54: http://gmatclub.com/forum/the-selling-price-of-an-article-is-equal-to-the-cost-of-the-138738.html
A55: 53 | B55: Hard | C55: 0.55 | D55: C | E55: Exponents | F55: Powers | G55: http://gmatclub.com/forum/is-4-x-y-139120.html
A56: 54 | B56: Medium | C56: 0.45 | D56: E | E56: Exponents | F56: Powers | G56: http://gmatclub.com/forum/is-zp-negative-207652.html
A57: 55 | B57: Hard | C57: 0.55 | D57: D | E57: Fractions | F57: Ratios | G57: http://gmatclub.com/forum/at-the-beginning-of-the-year-the-finance-committee-and-the-planning-c-207653.html
A58: 56 | B58: Medium | C58: 0.35 | D58: E | E58: Geometry | G58: http://gmatclub.com/forum/can-a-certain-rectangular-sheet-of-glass-be-positioned-on-a-139121.html
A59: 57 | B59: Easy | C59: 0.05 | D59: D | E59: Word Problems | G59: http://gmatclub.com/forum/in-a-random-sample-of-80-adults-how-many-are-college-139123.html
A60: 58 | B60: Easy | C60: 0.05 | D60: E | E60: Fractions | F60: Ratios | G60: http://gmatclub.com/forum/what-is-the-tenths-digit-in-the-decimal-representation-of-a-139476.html
A61: 59 | B61: Medium | C61: 0.35 | D61: C | E61: Fractions | F61: Ratios | G61: http://gmatclub.com/forum/robots-x-y-and-z-each-assemble-components-at-their-respect-139477.html
A62: 60 | B62: Medium | C62: 0.25 | D62: C | E62: Number Properties | G62: http://gmatclub.com/forum/what-is-the-sum-of-a-certain-pair-of-consecutive-odd-integers-207654.html
A63: 61 | B63: Easy | C63: 0.05 | D63: B | E63: Inequalities | G63: http://gmatclub.com/forum/if-a-x-b-and-c-y-d-is-x-y-129764.html
A64: 62 | B64: Easy | C64: 0.05 | D64: C | E64: Overlapping Sets | G64: http://gmatclub.com/forum/how-many-people-are-directors-of-both-company-k-and-company-139479.html
A65: 63 | B65: Medium | C65: 0.25 | D65: B | E65: Percent and Interest Problems | F65: Word Problems | G65: http://gmatclub.com/forum/a-clothing-store-acquired-an-item-at-a-cost-of-x-dollars-and-139872.html
A66: 64 | B66: Medium | C66: 0.25 | D66: C | E66: Word Problems | F66: Percent and Interest Problems | G66: http://gmatclub.com/forum/from-may-1-to-may-30-in-the-same-year-the-balance-in-a-104269.html
A67: 65 | B67: Medium | C67: 0.25 | D67: A | E67: Algebra | F67: Exponents | G67: http://gmatclub.com/forum/if-x-is-an-integer-is-9-x-9-x-b-139874.html
A68: 66 | B68: Medium | C68: 0.45 | D68: D | E68: Inequalities | G68: http://gmatclub.com/forum/if-x-and-y-are-positive-is-x-10-y-139873.html
A69: 67 | B69: Hard | C69: 0.55 | D69: E | E69: Percent and Interest Problems | F69: Word Problems | G69: http://gmatclub.com/forum/a-merchant-discounted-the-sale-price-of-a-coat-and-the-sale-price-of-a-207699.html
A70: 68 | B70: Easy | C70: 0.05 | D70: C | E70: Word Problems | G70: http://gmatclub.com/forum/a-taxi-company-charges-f-cents-for-the-first-mile-of-the-139875.html
A71: 69 | B71: Medium | C71: 0.25 | D71: E | E71: Percent and Interest Problems | F71: Word Problems | G71: http://gmatclub.com/forum/guy-s-net-income-equals-his-gross-income-minus-his-deduction-139876.html
A72: 70 | B72: Very Hard | C72: 0.75 | D72: E | E72: Fractions | F72: Ratios | G72: http://gmatclub.com/forum/if-the-ratio-of-the-number-of-teachers-to-the-number-of-143680.html
A73: 71 | B73: Hard | C73: 0.55 | D73: E | E73: Word Problems | G73: http://gmatclub.com/forum/each-gift-certificate-sold-yesterday-by-a-certain-bookstore-140246.html
A74: 72 | B74: Easy | C74: 0.15 | D74: A | E74: Remainders | G74: http://gmatclub.com/forum/what-is-the-tens-digit-of-positive-integer-x-140248.html
A75: 73 | B75: Medium | C75: 0.25 | D75: C | E75: Combinations | F75: Coordinate Geometry | G75: http://gmatclub.com/forum/s-is-a-set-of-points-in-the-plane-how-many-distinct-triangles-can-be-61337.html
A76: 74 | B76: Easy | C76: 0.05 | D76: D | E76: Algebra | G76: http://gmatclub.com/forum/what-is-the-value-of-n-in-the-equation-25-19-n-s-140251.html
A77: 75 | B77: Medium | C77: 0.25 | D77: C | E77: Word Problems | G77: http://gmatclub.com/forum/stores-land-m-each-sell-a-certain-product-at-a-different-140735.html
A78: 76 | B78: Easy | C78: 0.15 | D78: B | E78: Fractions | F78: Ratios | G78: http://gmatclub.com/forum/if-d-denotes-a-decimal-is-d-140736.html
A79: 77 | B79: Hard | C79: 0.55 | D79: A | E79: Fractions | F79: Ratios | G79: http://gmatclub.com/forum/two-points-n-and-q-not-shown-lie-to-the-right-of-point-m-on-line-207700.html
A80: 78 | B80: Easy | C80: 0.05 | D80: D | E80: Number Properties | G80: http://gmatclub.com/forum/how-many-integers-are-there-between-but-not-including-140737.html
A81: 79 | B81: Medium | C81: 0.25 | D81: D | E81: Overlapping Sets | G81: http://gmatclub.com/forum/in-a-survey-of-200-college-graduates-30-percent-said-they-101742.html
A82: 80 | B82: Medium | C82: 0.35 | D82: B | E82: Word Problems | G82: http://gmatclub.com/forum/did-the-sum-of-the-prices-of-three-shirts-exceed-207701.html
A83: 81 | B83: Easy | C83: 0.15 | D83: B | E83: Algebra | F83: Exponents | G83: http://gmatclub.com/forum/what-is-the-value-of-integer-n-143486.html
A84: 82 | B84: Medium | C84: 0.25 | D84: C | E84: Word Problems | G84: http://gmatclub.com/forum/what-is-the-total-number-of-coins-that-bert-and-claire-have-140738.html
A85: 83 | B85: Medium | C85: 0.35 | D85: A | E85: Word Problems | G85: http://gmatclub.com/forum/a-telephone-station-has-x-processors-each-of-which-can-process-a-maxi-207702.html
A86: 84 | B86: Medium | C86: 0.45 | D86: A | E86: Distance | F86: Rate Problems | G86: http://gmatclub.com/forum/on-a-certain-nonstop-trip-marta-averaged-x-miles-per-hour-for-2-hours-207703.html
A87: 85 | B87: Easy | C87: 0.15 | D87: A | E87: Work | F87: Rate Problems | G87: http://gmatclub.com/forum/three-machines-k-m-and-p-working-simultaneously-and-143489.html
A88: 86 | B88: Medium | C88: 0.45 | D88: D | E88: Geometry | G88: http://gmatclub.com/forum/a-tank-is-filled-with-gasoline-to-a-depth-of-exactly-2-feet-the-tank-202262.html
A89: 87 | B89: Medium | C89: 0.35 | D89: A | E89: Coordinate Geometry | G89: http://gmatclub.com/forum/of-the-four-numbers-represented-on-the-number-line-above-is-128398.html
A90: 88 | B90: Hard | C90: 0.55 | D90: C | E90: Statistics and Sets Problems | G90: http://gmatclub.com/forum/at-a-certain-company-a-test-was-given-to-a-group-of-men-and-133652.html
A91: 89 | B91: Very Hard | C91: 0.75 | D91: D | E91: Word Problems | G91: http://gmatclub.com/forum/mary-persuaded-n-friends-to-donate-500-each-to-her-election-10075.html
A92: 90 | B92: Easy | C92: 0.05 | D92: A | E92: Geometry | G92: http://gmatclub.com/forum/what-is-the-area-of-triangular-region-abc-above-143500.html
A93: 91 | B93: Hard | C93: 0.55 | D93: A | E93: Coordinate Geometry | G93: http://gmatclub.com/forum/in-the-xy-coordinate-plane-is-point-r-equidistant-from-143502.html
A94: 92 | B94: Medium | C94: 0.35 | D94: E | E94: Statistics and Sets Problems | G94: http://gmatclub.com/forum/what-is-the-ratio-of-the-average-arithmetic-mean-height-of-11315.html
A95: 93 | B95: Very Hard | C95: 0.75 | D95: D | E95: Arithmetic | G95: http://gmatclub.com/forum/is-the-positive-two-digit-integer-n-less-than-143505.html
A96: 94 | B96: Medium | C96: 0.25 | D96: B | E96: Algebra | F96: Exponents | G96: http://gmatclub.com/forum/if-2-x-y-4-8-what-is-the-value-of-y-207704.html
A97: 95 | B97: Medium | C97: 0.45 | D97: D | E97: Word Problems | G97: http://gmatclub.com/forum/each-week-a-certain-salesman-is-paid-a-fixed-amount-equal-to-136108.html
A98: 96 | B98: Very Hard | C98: 0.85 | D98: C | E98: Percent and Interest Problems | G98: http://gmatclub.com/forum/a-total-of-60-000-was-invested-for-one-year-part-of-this-126655.html
A99: 97 | B99: Easy | C99: 0.15 | D99: A | E99: Word Problems | G99: http://gmatclub.com/forum/at-a-bakery-all-donuts-are-priced-equally-and-all-bagels-143678.html
A100: 98 | B100: Very Hard | C100: 0.75 | D100: C | E100: Geometry | G100: http://gmatclub.com/forum/in-the-figure-above-is-the-area-of-triangular-region-abc-134270.html
...

Sheet CR+RC
A1: GMAT Club Guide to The GMAT Official Guide 2016
A2: Question | B2: Difficulty | C2: Percentile | D2: OA | E2: Primary Category | F2: Secondary Category | G2: Link
A3: 1 | B3: Easy | C3: 0.05 | D3: E | E3: Inference | G3: http://gmatclub.com/forum/2016-og-q1-neuroscientist-memory-evolved-to-help-199851.html
A4: 2 | B4: Easy | C4: 0.05 | D4: C | E4: Strengthen | G4: http://gmatclub.com/forum/2016-og-q2-astronomer-most-stars-are-born-199853.html
A5: 3 | B5: Easy | C5: 0.15 | D5: A | E5: Strengthen | G5: http://gmatclub.com/forum/2016-og-q3-a-provincial-government-plans-to-raise-199855.html
A6: 4 | C6: NA | D6: B | E6: Weaken | G6: http://gmatclub.com/forum/the-roof-of-northtown-s-municipal-equipment-storage-200047.html
A7: 5 | B7: Easy | C7: 0.15 | D7: C | E7: Strengthen | G7: http://gmatclub.com/forum/snowmaking-machines-work-by-spraying-a-mist-that-freezes-136977.html
A8: 6 | B8: Easy | C8: 0.05 | D8: A | E8: Logical Flaw | F8: Weaken | G8: http://gmatclub.com/forum/homeowners-aged-40-to-50-are-more-likely-to-purchase-ice-136976.html
A9: 7 | B9: Easy | C9: 0.05 | D9: E | E9: Assumption | F9: Cause and Effect | G9: http://gmatclub.com/forum/suncorp-a-new-corporation-with-limited-funds-has-been-136975.html
A10: 8 | C10: NA | D10: A | E10: Assumption | G10: http://gmatclub.com/forum/a-newly-discovered-painting-seems-to-be-the-work-of-201746.html
A11: 9 | B11: Easy | C11: 0.05 | D11: A | E11: Evaluate Argument | G11: http://gmatclub.com/forum/traverton-s-city-council-wants-to-minimize-the-city-s-89441.html
A12: 10 | B12: Easy | C12: 0.05 | D12: B | E12: Resolve Paradox | G12: http://gmatclub.com/forum/in-order-to-reduce-the-number-of-items-damaged-while-in-69386.html
A13: 11 | C13: NA | D13: C | E13: Resolve Paradox | G13: http://gmatclub.com/forum/parland-s-alligator-population-has-been-declining-215591.html
A14: 12 | B14: Easy | C14: 0.05 | D14: D | E14: Cause and Effect | G14: http://gmatclub.com/forum/a-company-is-considering-changing-its-policy-concerning-128619.html
A15: 13 | C15: NA | D15: E | E15: Evaluate Argument | G15: http://gmatclub.com/forum/the-amount-of-time-it-takes-for-most-of-a-worker-s-67408.html
A16: 14 | B16: Easy | C16: 0.05 | D16: D | E16: Additional Evidence | F16: Strengthen | G16: http://gmatclub.com/forum/while-many-people-think-of-genetic-manipulation-of-food-136972.html
A17: 15 | B17: Easy | C17: 0.05 | D17: A | E17: Evaluate Argument | G17: http://gmatclub.com/forum/a-certain-automaker-aims-to-increase-its-market-share-by-136969.html
A18: 16 | B18: Easy | C18: 0.05 | D18: C | E18: Logical Flaw | G18: http://gmatclub.com/forum/in-virtually-any-industry-technological-improvements-136973.html
A19: 17 | B19: Easy | C19: 0.05 | D19: D | E19: Strengthen | G19: http://gmatclub.com/forum/the-maxilux-car-company-s-design-for-its-new-luxury-model-136971.html
A20: 18 | B20: Easy | C20: 0.05 | D20: D | E20: Additional Evidence | F20: Complete the Passage | G20: http://gmatclub.com/forum/most-bicycle-helmets-provide-good-protection-for-the-top-and-136970.html
A21: 19 | B21: Easy | C21: 0.05 | D21: E | E21: Strengthen | G21: http://gmatclub.com/forum/wood-smoke-contains-dangerous-toxins-that-cause-changes-in-45694.html
A22: 20 | B22: Easy | C22: 0.05 | D22: E | E22: Bold Face CR | G22: http://gmatclub.com/forum/hunter-many-people-blame-hunters-alone-for-the-decline-in-82737.html
A23: 21 | B23: Easy | C23: 0.15 | D23: E | E23: Strengthen | G23: http://gmatclub.com/forum/og-2016-question-many-agriculturally-intensive-areas-of-the-world-204981.html
A24: 22 | B24: Easy | C24: 0.05 | D24: E | E24: Logical Flaw | G24: http://gmatclub.com/forum/physician-the-hormone-melatonin-has-shown-promise-as-a-136962.html
A25: 23 | B25: Easy | C25: 0.05 | D25: C | E25: Conclusion | F25: Resolve Paradox | G25: http://gmatclub.com/forum/plan-concerned-about-the-welfare-of-its-senior-citizens-136793.html
A26: 24 | B26: Easy | C26: 0.05 | D26: B | E26: Method of Reasoning | F26: Assumption | G26: http://gmatclub.com/forum/hollywood-restaurant-is-replacing-some-of-its-standard-136967.html
A27: 25 | B27: Medium | C27: 0.25 | D27: A | E27: Strengthen | G27: http://gmatclub.com/forum/a-major-network-news-organization-experienced-a-drop-in-136966.html
A28: 26 | B28: Easy | C28: 0.05 | D28: E | E28: Conclusion | F28: Strengthen | G28: http://gmatclub.com/forum/only-a-reduction-of-10-percent-in-the-number-of-scheduled-136794.html
A29: 27 | B29: Easy | C29: 0.05 | D29: B | E29: Evaluate Argument | G29: http://gmatclub.com/forum/for-similar-cars-and-comparable-drivers-automobile-136792.html
A30: 28 | B30: Easy | C30: 0.05 | D30: D | E30: Conclusion | G30: http://gmatclub.com/forum/the-tulu-a-popular-ornamental-plant-does-not-reproduce-136791.html
A31: 29 | B31: Easy | C31: 0.05 | D31: A | E31: Bold Face CR | G31: http://gmatclub.com/forum/last-year-a-record-number-of-new-manufacturing-jobs-were-50260.html
A32: 30 | B32: Medium | C32: 0.25 | D32: D | E32: Weaken | G32: http://gmatclub.com/forum/people-who-do-regular-volunteer-work-tend-to-live-longer-on-average-201379.html
A33: 31 | B33: Easy | C33: 0.05 | D33: C | E33: Strengthen | G33: http://gmatclub.com/forum/from-og12-the-eurasian-ruffe-a-fish-species-inadvertently-90416.html
A34: 32 | B34: Easy | C34: 0.05 | D34: D | E34: Complete the Passage | G34: http://gmatclub.com/forum/which-of-the-following-most-logically-completes-the-136790.html
A35: 33 | B35: Easy | C35: 0.05 | D35: E | E35: Complete the Passage | G35: http://gmatclub.com/forum/although-the-number-of-large-artificial-satellites-orbiting-62723.html
A36: 34 | B36: Easy | C36: 0.05 | D36: D | E36: Evaluate Argument | G36: http://gmatclub.com/forum/thyrian-lawmaker-thyria-s-cheese-importation-board-inspects-206351.html
A37: 35 | B37: Easy | C37: 0.15 | D37: E | E37: Evaluate Argument | G37: http://gmatclub.com/forum/the-growing-popularity-of-computer-based-activities-was-q1-13225.html
A38: 36 | B38: Easy | C38: 0.05 | D38: D | E38: Strengthen | G38: http://gmatclub.com/forum/crowding-on-mooreville-s-subway-frequently-leads-to-delays-60141.html
A39: 37 | B39: Very Hard | C39: 0.75 | D39: A | E39: Assumption | G39: http://gmatclub.com/forum/2016-og-although-the-school-would-receive-financial-benefits-if-it-ha-202757.html
A40: 38 | B40: Medium | C40: 0.35 | D40: C | E40: Assumption | G40: http://gmatclub.com/forum/sviatovin-is-a-medieval-moringian-text-whose-author-and-136788.html
... A44: 42 | B44: Easy | C44: 0.05 | D44: C | E44: Evaluate Argument | G44: http://gmatclub.com/forum/trancorp-currently-transports-all-its-goods-to-burland-46454.html
A45: 43 | B45: Medium | C45: 0.25 | D45: C | E45: Complete the Passage | F45: Inference | G45: http://gmatclub.com/forum/2016-og-nownews-although-still-the-most-popular-magazine-covering-cu-202760.html
A46: 44 | B46: Easy | C46: 0.05 | D46: B | E46: Strengthen | G46: http://gmatclub.com/forum/the-computer-industry-s-estimate-that-it-loses-millions-of-82630.html
A47: 45 | B47: Easy | C47: 0.05 | D47: E | E47: Weaken | G47: http://gmatclub.com/forum/in-the-last-decade-there-has-been-a-significant-decrease-in-136789.html
A48: 46 | B48: Easy | C48: 0.15 | D48: C | E48: Conclusion | G48: http://gmatclub.com/forum/which-of-the-following-best-completes-the-passage-below-89443.html
A49: 47 | B49: Easy | C49: 0.05 | D49: D | E49: Assumption | G49: http://gmatclub.com/forum/installing-scrubbers-in-smokestacks-and-switching-to-58530.html
A50: 48 | B50: Medium | C50: 0.45 | D50: D | E50: Weaken | G50: http://gmatclub.com/forum/feline-and-human-skelton-201252.html
A51: 49 | B51: Medium | C51: 0.35 | D51: E | E51: Assumption | G51: http://gmatclub.com/forum/advacned-cr-pollutants-in-coutnry-y-201255.html
A52: 50 | B52: Hard | C52: 0.65 | D52: A | E52: Weaken | G52: http://gmatclub.com/forum/some-anthropologists-study-modern-day-societies-of-foragers-7857.html
A53: 51 | B53: Easy | C53: 0.05 | D53: A | E53: Cause and Effect | F53: Except | G53: http://gmatclub.com/forum/contrary-to-earlier-predictions-demand-for-sugarcane-has-58533.html
A54: 52 | B54: Easy | C54: 0.05 | D54: C | E54: Assumption | G54: http://gmatclub.com/forum/although-computers-can-enhance-people-s-ability-to-20815.html
A55: 53 | B55: Medium | C55: 0.45 | D55: C | E55: Inference | F55: Strengthen | G55: http://gmatclub.com/forum/humans-get-lyme-disease-from-infected-tick-205032.html
A56: 54 | B56: Medium | C56: 0.35 | D56: A | E56: Complete the Passage | F56: Conclusion | G56: http://gmatclub.com/forum/which-of-the-following-most-logically-completes-the-argument-49838.html
A57: 55 | B57: Medium | C57: 0.45 | D57: A | E57: Strengthen | G57: http://gmatclub.com/forum/advertisement-when-your-car-s-engine-is-running-at-its-normal-operati-201268.html
A58: 56 | B58: Easy | C58: 0.05 | D58: C | E58: Evaluate Argument | G58: http://gmatclub.com/forum/certain-genetically-modified-strains-of-maize-produce-a-16147.html
A59: 57 | B59: Easy | C59: 0.05 | D59: D | E59: Strengthen | G59: http://gmatclub.com/forum/2016-og-the-testament-of-william-thorpe-was-published-around-1530-as-202761.html
A60: 58 | B60: Easy | C60: 0.05 | D60: C | E60: Resolve Paradox | G60: http://gmatclub.com/forum/2016-og-to-reduce-productivity-losses-from-employees-calling-in-sick-202762.html
A61: 59 | B61: Medium | C61: 0.25 | D61: D | E61: Logical Flaw | F61: Weaken | G61: http://gmatclub.com/forum/rye-sown-in-the-fall-and-plowed-into-the-soil-in-early-82738.html
A62: 60 | B62: Hard | C62: 0.55 | D62: E | E62: Strengthen | G62: http://gmatclub.com/forum/advacned-cr-mail-advertisement-201330.html
A63: 61 | B63: Medium | C63: 0.25 | D63: B | E63: Strengthen | G63: http://gmatclub.com/forum/one-variety-of-partially-biodegradable-plastic-beverage-30451.html
A64: 62 | B64: Easy | C64: 0.15 | D64: B | E64: Strengthen | G64: http://gmatclub.com/forum/most-employees-in-the-computer-industry-move-from-company-to-84762.html
A65: 63 | B65: Medium | C65: 0.25 | D65: A | E65: Logical Flaw | F65: Weaken | G65: http://gmatclub.com/forum/2016-og-politician-hybrid-cars-use-significantly-less-fuel-per-kilom-202763.html
A66: 64 | B66: Medium | C66: 0.25 | D66: E | E66: Complete the Passage | G66: http://gmatclub.com/forum/which-of-the-following-most-logically-completes-the-passage-136432.html
A67: 65 | B67: Medium | C67: 0.25 | D67: D | E67: Strengthen | G67: http://gmatclub.com/forum/new-cr-question-from-og-2016-garlic-fields-201150.html
A68: 66 | B68: Medium | C68: 0.25 | D68: A | E68: Assumption | G68: http://gmatclub.com/forum/which-of-the-following-most-logically-completes-the-passage-136429.html
A69: 67 | B69: Medium | C69: 0.35 | D69: D | E69: Evaluate Argument | G69: http://gmatclub.com/forum/tricky-cr-free-coffee-plan-new-og-201155.html
A70: 68 | B70: Easy | C70: 0.05 | D70: A | E70: Complete the passage | G70: http://gmatclub.com/forum/by-competing-with-rodents-for-seeds-black-ants-help-control-44017.html
A71: 69 | B71: Easy | C71: 0.05 | D71: E | E71: Weaken | G71: http://gmatclub.com/forum/journalist-in-physics-journals-the-number-of-articles-102509.html
A72: 70 | B72: Medium | C72: 0.35 | D72: A | E72: Assumption | G72: http://gmatclub.com/forum/og-2016-demand-for-electricity-204242.html
A73: 71 | B73: Easy | C73: 0.15 | D73: C | E73: Conclusion | G73: http://gmatclub.com/forum/which-of-the-following-most-logically-completes-the-argument-136008.html
A74: 72 | B74: Medium | C74: 0.25 | D74: D | E74: Complete the Passage | F74: Resolve Paradox | G74: http://gmatclub.com/forum/which-of-the-following-most-logically-completes-the-argument-75869.html
A75: 73 | B75: Medium | C75: 0.45 | D75: D | E75: Complete the Passage | G75: http://gmatclub.com/forum/the-attribution-of-the-choral-work-lacrimae-to-the-composer-81233.html
A76: 74 | B76: Medium | C76: 0.35 | D76: D | E76: Inference | F76: Similar Reasoning | G76: http://gmatclub.com/forum/when-trying-to-identify-new-technologies-that-promise-to-35386.html
A77: 75 | B77: Medium | C77: 0.45 | D77: E | E77: Resolve Paradox | G77: http://gmatclub.com/forum/in-order-to-withstand-tidal-currents-juvenile-horseshoe-98217.html
A78: 76 | B78: Hard | C78: 0.65 | D78: A | E78: Weaken | G78: http://gmatclub.com/forum/og-2016-voters-commonly-condemn-politicians-for-being-insincere-204218.html
A79: 77 | B79: Hard | C79: 0.55 | D79: A | E79: Weaken | G79: http://gmatclub.com/forum/og-2016-to-reduce-waste-of-raw-materials-204215.html
A80: 78 | B80: Medium | C80: 0.25 | D80: D | E80: Resolve Paradox | G80: http://gmatclub.com/forum/when-there-is-less-rainfall-than-normal-the-water-level-of-135209.html
A81: 79 | B81: Medium | C81: 0.35 | D81: A | E81: Weaken | G81: http://gmatclub.com/forum/difficult-cr-chemical-wastes-201149.html
A82: 80 | B82: Medium | C82: 0.45 | D82: A | E82: Conclusion | G82: http://gmatclub.com/forum/to-protect-certain-fledgling-industries-the-government-of-12491.html
A83: 81 | B83: Hard | C83: 0.55 | D83: E | E83: Bold Face CR | G83: http://gmatclub.com/forum/advanced-cr-bold-face-201148.html
A84: 82 | B84: Medium | C84: 0.35 | D84: C | E84: Bold Face CR | G84: http://gmatclub.com/forum/a-prominent-investor-who-holds-a-large-stake-burton-tool-82726.html
A85: 83 | B85: Easy | C85: 0.05 | D85: E | E85: Strengthen | G85: http://gmatclub.com/forum/several-industries-have-recently-switched-at-least-partly-121599.html
A86: 84 | B86: Hard | C86: 0.55 | D86: E | E86: Assumption | G86: http://gmatclub.com/forum/cr-challenge-question-beach-city-airport-og-201652.html
A87: 85 | B87: Medium | C87: 0.25 | D87: B | E87: Resolve Paradox | G87: http://gmatclub.com/forum/as-a-construction-material-bamboo-is-as-strong-as-steel-and-135997.html
A88: 86 | C88: N/A | D88: D | E88: Evaluate Argument | G88: http://gmatclub.com/forum/scientists-have-modified-feed-corn-genetically-209871.html
A89: 87 | B89: Medium | C89: 0.45 | D89: C | E89: Evaluate Argument | G89: http://gmatclub.com/forum/community-activist-if-morganville-wants-to-keep-its-central-81304.html
A90: 88 | B90: Hard | C90: 0.55 | D90: D | E90: Assumption | F90: Logical Flaw | G90: http://gmatclub.com/forum/debater-the-average-amount-of-overtime-per-month-worked-by-135640.html
A91: 89 | B91: Medium | C91: 0.25 | D91: D | E91: Evaluate Argument | G91: http://gmatclub.com/forum/in-the-past-the-country-of-malvernia-has-relied-heavily-on-imported-197968.html
A92: 90 | B92: Medium | C92: 0.45 | D92: C | E92: Assumption | G92: http://gmatclub.com/forum/exposure-to-certain-chemicals-commonly-used-in-elementary-113766.html
A93: 91 | B93: Medium | C93: 0.35 | D93: D | E93: Bold Face CR | G93: http://gmatclub.com/forum/although-the-earliest-surviving-greek-inscriptions-written-78305.html
A94: 92 | B94: Medium | C94: 0.25 | D94: B | E94: Evaluate Argument | G94: http://gmatclub.com/forum/normally-the-pineal-gland-governs-a-person-s-sleep-wake-134850.html
A95: 93 | B95: Very Hard | C95: 0.85 | D95: D | E95: Bold Face CR | G95: http://gmatclub.com/forum/in-countries-where-automobile-insurance-includes-102322.html
A96: 94 | B96: Hard | C96: 0.55 | D96: A | E96: Resolve Paradox | G96: http://gmatclub.com/forum/last-year-a-global-disturbance-of-weather-patterns-disrupted-204421.html
A97: 95 | B97: Easy | C97: 0.15 | D97: D | E97: Assumption | G97: http://gmatclub.com/forum/commentator-the-theory-of-trade-retaliation-states-that-7864.html
A98: 96 | B98: Easy | C98: 0.15 | D98: E | E98: Weaken | G98: http://gmatclub.com/forum/hotco-oil-burners-designed-to-be-used-in-asphalt-plants-94191.html
A99: 97 | B99: Medium | C99: 0.25 | D99: C | E99: Weaken | G99: http://gmatclub.com/forum/advanced-cr-hermit-thrush-og-201809.html
A100: 98 | B100: Easy | C100: 0.05 | D100: C | E100: Method of Reasoning | G100: http://gmatclub.com/forum/networks-of-blood-vessels-in-bats-wings-serve-only-163287.html
A101: 99 | B101: Medium | C101: 0.45 | D101: C | E101: Method of Reasoning | G101: http://gmatclub.com/forum/keith-compliance-with-new-government-regulations-94214.html
A102: 100 | B102: Very Hard | C102: 0.95 | D102: B | E102: Evaluate Argument | G102: http://gmatclub.com/forum/a-certain-cultivated-herb-is-one-of-a-group-of-closely-related-plants-205067.html
A103: 101 | B103: Medium | C103: 0.45 | D103: E | E103: Assumption | G103: http://gmatclub.com/forum/many-people-suffer-an-allergic-reaction-to-certain-og13-25973.html
...

Sheet SC
A1: GMAT Club Guide to The GMAT Official Guide 2016
A2: Question | B2: Difficulty | C2: Percentile | D2: OA | E2: Primary Category | F2: Secondary Category | G2: Link
A3: 1 | B3: Easy | C3: 0.05 | D3: C | E3: Parallel Structure | G3: http://gmatclub.com/forum/manufacturers-rate-batteries-in-watt-hours-if-they-rate-the-132414.html
A4: 2 | B4: Easy | C4: 0.05 | D4: B | E4: Clauses | F4: Conjunctions | G4: http://gmatclub.com/forum/2016-og-q2-hurricanes-at-first-begin-traveling-199871.html
A5: 3 | B5: Easy | C5: 0.05 | D5: B | E5: Grammatical Construction | F5: Punctuation | G5: http://gmatclub.com/forum/at-the-end-of-the-1930s-duke-ellington-was-looking-for-a-137022.html
A6: 4 | B6: Easy | C6: 0.05 | D6: C | E6: Parallel Structure | F6: Verb Tense | G6: http://gmatclub.com/forum/while-noble-sissle-may-be-best-known-for-his-collaboration-with-eubie-199872.html
A7: 5 | B7: Easy | C7: 0.05 | D7: D | E7: Subject Verb Agreement | G7: http://gmatclub.com/forum/although-a-surge-in-retail-sales-have-raised-hopes-that-126320.html
A8: 6 | B8: Easy | C8: 0.05 | D8: E | E8: Idioms | F8: Verb Tense | G8: http://gmatclub.com/forum/of-all-the-vast-tides-of-migration-that-have-swept-through-163874.html
A9: 7 | B9: Easy | C9: 0.05 | D9: D | E9: Construction | F9: Idioms | G9: http://gmatclub.com/forum/og-2016-from-an-experiment-using-special-extrasensory-perception-car-204261.html
A10: 8 | B10: Easy | C10: 0.05 | D10: A | E10: Modifiers | G10: http://gmatclub.com/forum/surpassed-only-vs-only-surpassed-understanding-167976.html
A11: 9 | B11: Easy | C11: 0.05 | D11: E | E11: Such as | F11: Like | G11: http://gmatclub.com/forum/in-a-review-of-2000-studies-of-human-behavior-that-date-back-132413.html
A12: 10 | B12: Hard | C12: 0.55 | D12: D | E12: Idioms | F12: Parallel Structure | G12: http://gmatclub.com/forum/2016-og-q10-a-long-term-study-of-some-199873.html
A13: 11 | B13: Easy | C13: 0.05 | D13: E | E13: Modifiers | F13: Pronouns | G13: http://gmatclub.com/forum/the-intricate-structure-of-the-compound-insect-eye-having-132417.html
A14: 12 | B14: Easy | C14: 0.15 | D14: B | E14: Construction | F14: Grammatical Construction | G14: http://gmatclub.com/forum/in-1979-lack-of-rain-reduced-india-s-rice-production-to-137020.html
A15: 13 | B15: Easy | C15: 0.05 | D15: C | E15: Parallel Structure | F15: Verb Tense | G15: http://gmatclub.com/forum/2016-og-q13-although-alice-walker-published-a-number-of-essays-199913.html
A16: 14 | B16: Easy | C16: 0.05 | D16: D | E16: Idioms | F16: Pronouns | G16: http://gmatclub.com/forum/many-experts-regarded-the-increase-in-credit-card-borrowing-132418.html
A17: 15 | B17: Easy | C17: 0.05 | D17: B | E17: Verb Tense | F17: Which | G17: http://gmatclub.com/forum/carnivorous-mammals-can-endure-what-would-otherwise-be-118325.html
A18: 16 | B18: Easy | C18: 0.15 | D18: E | E18: Diction | F18: Subject Verb Agreement | G18: http://gmatclub.com/forum/rising-inventories-when-unaccompanied-correspondingly-by-97784.html
A19: 17 | B19: Easy | C19: 0.05 | D19: B | E19: Modifiers | G19: http://gmatclub.com/forum/a-pioneer-journalist-nellie-bly-s-exploits-included-132419.html
A20: 18 | B20: Easy | C20: 0.05 | D20: C | E20: Comparisons | G20: http://gmatclub.com/forum/og-2016-unlike-the-nests-of-leaf-cutters-and-most-other-ants-204262.html
A21: 19 | B21: Medium | C21: 0.45 | D21: A | E21: Modifiers | F21: Parallel Structure | G21: http://gmatclub.com/forum/sunspots-vortices-of-gas-associated-with-strong-79261.html
A22: 20 | B22: Easy | C22: 0.05 | D22: D | E22: Idiom | F22: Grammatical Construction | G22: http://gmatclub.com/forum/the-commission-has-directed-advertisers-to-restrict-the-use-63645.html
A23: 21 | B23: Easy | C23: 0.15 | D23: E | E23: Such as | F23: Like | G23: http://gmatclub.com/forum/thai-village-crafts-as-with-other-cultures-have-developed-thr-205017.html
A24: 22 | B24: Medium | C24: 0.25 | D24: B | E24: Parallel Structure | F24: Verb Tense | G24: http://gmatclub.com/forum/tropical-bats-play-important-roles-in-the-rain-forest-132440.html
A25: 23 | B25: Easy | C25: 0.05 | D25: C | E25: Parallel Structure | F25: Subject Verb Agreement | G25: http://gmatclub.com/forum/og-2016-discussion-of-greenhouse-effects-have-usually-had-as-a-focus-204263.html
A26: 24 | B26: Easy | C26: 0.05 | D26: D | E26: Grammatical Construction | F26: Modifiers | G26: http://gmatclub.com/forum/the-iroquois-were-primarily-planters-but-supplementing-32790.html
A27: 25 | B27: Easy | C27: 0.05 | D27: E | E27: Idioms | F27: Comparisons | G27: http://gmatclub.com/forum/as-contrasted-with-the-honeybee-the-yellow-jacket-can-sting-48372.html
A28: 26 | B28: Easy | C28: 0.05 | D28: D | E28: Grammatical Construction | F28: Verb Tense | G28: http://gmatclub.com/forum/none-of-the-attempts-to-specify-the-causes-of-crime-explains-15295.html
A29: 27 | B29: Easy | C29: 0.05 | D29: A | E29: Modifiers | G29: http://gmatclub.com/forum/in-the-seventh-century-b-c-the-roman-alphabet-was-205237.html
A30: 28 | B30: Easy | C30: 0.05 | D30: C | E30: Construction | F30: Idioms | G30: http://gmatclub.com/forum/og-2016-with-corn-soybean-and-wheat-reserves-204264.html
A31: 29 | B31: Easy | C31: 0.05 | D31: E | E31: Verb Tense | F31: Form | G31: http://gmatclub.com/forum/by-1940-the-pilot-jacqueline-cochran-held-seventeen-132441.html
A32: 30 | B32: Easy | C32: 0.15 | D32: E | E32: Parallel Structure | G32: http://gmatclub.com/forum/in-late-1997-the-chambers-inside-the-pyramid-of-the-pharaoh-85840.html
A33: 31 | B33: Medium | C33: 0.45 | D33: D | E33: Grammatical Construction | G33: http://gmatclub.com/forum/the-remarkable-similarity-of-thule-artifacts-throughout-a-vast-region-203495.html
A34: 32 | B34: Easy | C34: 0.05 | D34: A | E34: Verb Tense | F34: Form | G34: http://gmatclub.com/forum/the-widely-accepted-big-bang-theory-holds-that-the-universe-79497.html
A35: 33 | B35: Medium | C35: 0.25 | D35: B | E35: Parallel Structure | G35: http://gmatclub.com/forum/bengal-born-writer-philosopher-and-educator-rabindranath-134342.html
A36: 34 | B36: Easy | C36: 0.05 | D36: A | E36: Clauses | G36: http://gmatclub.com/forum/although-schistosomiasis-is-not-often-fatal-it-is-so-99143.html
A37: 35 | B37: Medium | C37: 0.45 | D37: E | E37: Idiom | F37: Parallel Structure | G37: http://gmatclub.com/forum/traffic-safety-officials-predict-that-drivers-will-be-80585.html
A38: 36 | B38: Medium | C38: 0.25 | D38: E | E38: Construction | G38: http://gmatclub.com/forum/the-organization-of-petroleum-exporting-countries-opec-had-24069.html
A39: 37 | B39: Medium | C39: 0.35 | D39: E | E39: Modifiers | F39: Verb Tense | G39: http://gmatclub.com/forum/og-2016-not-trusting-themselves-to-choose-wisely-among-the-wide-204265.html
A40: 38 | B40: Easy | C40: 0.05 | D40: D | E40: Modifiers | F40: Parallel Structure | G40: http://gmatclub.com/forum/there-are-several-ways-to-build-solid-walls-using-just-mud-27542.html
A41: 39 | B41: Easy | C41: 0.05 | D41: A | E41: Subject Verb Agreement | F41: Modifiers | G41: http://gmatclub.com/forum/a-surge-in-new-home-sales-and-a-drop-in-weekly-unemployment-37256.html
A42: 40 | B42: Easy | C42: 0.15 | D42: B | E42: Style and Usage | G42: http://gmatclub.com/forum/retail-sales-rose-0-8-of-1-percent-in-august-intensifying-e-166110.html
A43: 41 | B43: Easy | C43: 0.05 | D43: C | E43: Modifiers | F43: Parallel Structure | G43: http://gmatclub.com/forum/plants-are-more-efficient-at-acquiring-carbon-than-are-96548.html
A44: 42 | B44: Easy | C44: 0.15 | D44: E | E44: Grammatical Construction | G44: http://gmatclub.com/forum/in-the-early-part-of-the-twentieth-century-many-vacationers-72762.html
A45: 43 | B45: Easy | C45: 0.05 | D45: D | E45: Idioms | G45: http://gmatclub.com/forum/the-automotive-conveyor-belt-system-which-henry-ford-131564.html
A46: 44 | B46: Hard | C46: 0.55 | D46: A | E46: Verb Tense | F46: Idioms | G46: http://gmatclub.com/forum/according-to-some-analysts-the-gains-in-the-stock-market-70645.html
A47: 45 | B47: Easy | C47: 0.05 | D47: E | E47: Grammatical Construction | F47: Parallel Structure | G47: http://gmatclub.com/forum/the-report-recommended-that-the-hospital-should-eliminate-66110.html
A48: 46 | B48: Medium | C48: 0.35 | D48: D | E48: Grammatical Construction | F48: Parallel Structure | G48: http://gmatclub.com/forum/over-the-next-few-years-increasing-demands-on-the-35177.html
A49: 47 | B49: Easy | C49: 0.15 | D49: E | E49: Idioms | F49: Parallel Structure | G49: http://gmatclub.com/forum/elizabeth-barber-the-author-of-both-prehistoric-textiles-136795.html
A50: 48 | B50: Easy | C50: 0.05 | D50: C | E50: Grammatical Construction | F50: Verb Tense | G50: http://gmatclub.com/forum/digging-in-sediments-in-northern-china-evidence-has-been-136456.html
A51: 49 | B51: Easy | C51: 0.15 | D51: D | E51: Verb Tense | F51: Such as | G51: http://gmatclub.com/forum/outlining-his-strategy-for-nursing-the-troubled-conglomerate-134794.html
A52: 50 | B52: Easy | C52: 0.05 | D52: C | E52: Modifiers | G52: http://gmatclub.com/forum/it-is-called-a-sea-but-the-landlocked-caspian-is-actually-136536.html
A53: 51 | B53: Easy | C53: 0.05 | D53: A | E53: Grammatical Construction | G53: http://gmatclub.com/forum/neuroscientists-having-amassed-a-wealth-of-knowledge-over-96386.html
A54: 52 | B54: Medium | C54: 0.35 | D54: C | E54: Parallel Structure | G54: http://gmatclub.com/forum/q18-according-to-a-recent-study-of-consumer-spending-on-21315.html
A55: 53 | B55: Medium | C55: 0.35 | D55: B | E55: Grammatical Construction | F55: Punctuation | G55: http://gmatclub.com/forum/along-the-major-rivers-that-traverse-the-deserts-of-136454.html
A56: 54 | B56: Medium | C56: 0.25 | D56: D | E56: Grammatical Construction | F56: Parallel Structure | G56: http://gmatclub.com/forum/despite-its-covering-the-entire-planet-earth-has-a-crust-136453.html
A57: 55 | B57: Hard | C57: 0.55 | D57: E | E57: Grammatical Construction | F57: Modifiers | G57: http://gmatclub.com/forum/emily-dickinsons-letters-to-susan-huntington-dickinson-were-10142.html
A58: 56 | B58: Easy | C58: 0.05 | D58: D | E58: Idioms | F58: Style and Usage | G58: http://gmatclub.com/forum/unlike-the-conviction-held-by-many-of-her-colleagues-that-79585.html
A59: 57 | B59: Medium | C59: 0.25 | D59: A | E59: Idioms | F59: Grammatical Construction | G59: http://gmatclub.com/forum/because-an-oversupply-of-computer-chips-has-sent-prices-64392.html
A60: 58 | B60: Medium | C60: 0.25 | D60: C | E60: Modifiers | G60: http://gmatclub.com/forum/ryunosuke-akutagawa-s-knowledge-of-the-literatures-of-135722.html
A61: 59 | B61: Medium | C61: 0.45 | D61: C | E61: Grammatical Construction | F61: Verb Tense | G61: http://gmatclub.com/forum/according-to-scientists-who-monitored-its-path-an-expanding-136452.html
A62: 60 | B62: Medium | C62: 0.25 | D62: E | E62: Modifiers | G62: http://gmatclub.com/forum/in-1850-lucretia-mott-published-her-discourse-on-women-200945.html
A63: 61 | B63: Easy | C63: 0.15 | D63: D | E63: Verb Tense | F63: Form | G63: http://gmatclub.com/forum/to-develop-more-accurate-population-forecasts-demographers-54658.html
A64: 62 | B64: Medium | C64: 0.35 | D64: E | E64: Comparisons | F64: Modifiers | G64: http://gmatclub.com/forum/laos-has-a-land-area-about-the-same-as-great-britain-but-107156.html
A65: 63 | B65: Medium | C65: 0.25 | D65: B | E65: Grammatical Construction | G65: http://gmatclub.com/forum/having-been-named-for-a-mythological-nymph-205139.html
A66: 64 | B66: Easy | C66: 0.05 | D66: B | E66: Parallel Structure | F66: Clauses | G66: http://gmatclub.com/forum/in-ancient-thailand-much-of-the-local-artisans-creative-125866.html
A67: 65 | B67: Medium | C67: 0.35 | D67: D | E67: Modifiers | F67: Parallel Structure | G67: http://gmatclub.com/forum/to-josephine-baker-paris-was-her-home-long-before-it-was-64758.html
A68: 66 | B68: Easy | C68: 0.05 | D68: A | E68: Parallel Structure | G68: http://gmatclub.com/forum/covering-71-percent-of-earth-s-surface-the-oceans-play-an-essential-206346.html
A69: 67 | B69: Hard | C69: 0.65 | D69: B | E69: Parallel Structure | F69: Grammatical Construction | G69: http://gmatclub.com/forum/some-anthropologists-believe-that-the-genetic-homogeneity-134793.html
A70: 68 | B70: Medium | C70: 0.35 | D70: B | E70: Grammatical Construction | F70: Modifiers | G70: http://gmatclub.com/forum/in-1713-alexander-pope-began-his-translation-of-the-illiad-65410.html
A71: 69 | B71: Medium | C71: 0.25 | D71: B | E71: Parallel Structure | F71: Diction | G71: http://gmatclub.com/forum/a-new-study-suggests-that-the-conversational-pace-of-92666.html
A72: 70 | B72: Medium | C72: 0.25 | D72: A | E72: Modifiers | F72: Parallel Structure | G72: http://gmatclub.com/forum/the-nineteenth-century-chemist-humphry-davy-presented-the-84616.html
A73: 71 | B73: Easy | C73: 0.15 | D73: E | E73: Parallel Structure | G73: http://gmatclub.com/forum/many-of-the-earliest-known-images-of-hindu-deities-in-india-99980.html
A74: 72 | B74: Easy | C74: 0.05 | D74: E | E74: Idioms | F74: Comparisons | G74: http://gmatclub.com/forum/a-leading-figure-in-the-scottish-enlightenment-adam-smiths-51612.html
A75: 73 | B75: Easy | C75: 0.05 | D75: A | E75: Construction | G75: http://gmatclub.com/forum/og-2016-researchers-studying-the-brain-scans-of-volunteers-who-po-204322.html
A76: 74 | C76: NA | D76: A | E76: Participle Parallelism | G76: http://gmatclub.com/forum/rivaling-the-pyramids-of-egypt-or-even-the-ancient-cities-of-51565.html
A77: 75 | B77: Easy | C77: 0.05 | D77: B | E77: Grammatical Construction | F77: Punctuation | G77: http://gmatclub.com/forum/many-house-builders-offer-rent-to-buy-programs-that-enable-a-136858.html
A78: 76 | B78: Easy | C78: 0.15 | D78: D | E78: Grammatical Construction | G78: http://gmatclub.com/forum/og-50-that-educators-have-not-anticipated-the-impact-of-65988.html
A79: 77 | B79: Medium | C79: 0.45 | D79: B | E79: Comparisons | F79: Construction | G79: http://gmatclub.com/forum/while-it-costs-about-the-same-to-run-nuclear-plants-as-other-134755.html
A80: 78 | B80: Medium | C80: 0.45 | D80: A | E80: Parallel Structure | F80: Idioms | G80: http://gmatclub.com/forum/the-32-species-that-make-up-the-dolphin-family-are-closely-9155.html
A81: 79 | B81: Hard | C81: 0.55 | D81: E | E81: Verb Tense | F81: Form | G81: http://gmatclub.com/forum/the-first-trenches-that-were-cut-into-a-500-acre-site-at-34336.html
A82: 80 | B82: Easy | C82: 0.15 | D82: A | E82: Idioms | G82: http://gmatclub.com/forum/og-2016-companies-are-relying-more-and-more-on-networked-computers-204288.html
A83: 81 | B83: Hard | C83: 0.65 | D83: D | E83: Style and Usage | F83: Modifiers | G83: http://gmatclub.com/forum/the-olympic-games-helped-to-keep-peace-among-the-pugnacious-85874.html
A84: 82 | B84: Easy | C84: 0.05 | D84: E | E84: Grammatical Construction | G84: http://gmatclub.com/forum/while-all-states-face-similar-industrial-waste-problems-the-80575.html
A85: 83 | B85: Easy | C85: 0.05 | D85: E | E85: Idioms | F85: Parallel Structure | G85: http://gmatclub.com/forum/when-congress-reconvenes-some-newly-elected-members-from-47547.html
A86: 84 | B86: Easy | C86: 0.15 | D86: D | E86: Grammatical Construction | G86: http://gmatclub.com/forum/unlike-the-original-national-museum-of-science-and-75497.html
A87: 85 | B87: Very Hard | C87: 0.75 | D87: B | E87: Parallel Structure | F87: Diction | G87: http://gmatclub.com/forum/combining-enormous-physical-strength-with-higher-intelligenc-87777.html
A88: 86 | B88: Medium | C88: 0.45 | D88: C | E88: Parallel Structure | G88: http://gmatclub.com/forum/to-map-earth-s-interior-geologists-use-a-network-of-seismometers-to-206347.html
A89: 87 | B89: Easy | C89: 0.05 | D89: A | E89: Verb Tense | F89: Form | G89: http://gmatclub.com/forum/doctors-generally-agree-that-such-factors-as-cigarette-48776.html
A90: 88 | B90: Medium | C90: 0.35 | D90: B | E90: Verb Tense | F90: Form | G90: http://gmatclub.com/forum/affording-strategic-proximity-to-the-strait-of-gibraltar-80694.html
A91: 89 | B91: Hard | C91: 0.55 | D91: B | E91: Verb Tense | F91: Form | G91: http://gmatclub.com/forum/his-studies-of-ice-polished-rocks-in-his-alpine-home-land-1363.html
A92: 90 | B92: Easy | C92: 0.15 | D92: B | E92: Comparisons | G92: http://gmatclub.com/forum/prices-at-the-producer-level-are-only-1-3-percent-higher-now-206127.html
A93: 91 | B93: Medium | C93: 0.25 | D93: A | E93: Idioms | F93: Parallel Structure | G93: http://gmatclub.com/forum/more-and-more-in-recent-years-cities-are-stressing-the-arts-86568.html
A94: 92 | B94: Medium | C94: 0.25 | D94: C | E94: Verb Tense | F94: Form | G94: http://gmatclub.com/forum/a-proposal-has-been-made-to-trim-the-horns-from-rhinoceroses-111439.html
A95: 93 | B95: Easy | C95: 0.05 | D95: C | E95: Modifiers | F95: Verb Tense | G95: http://gmatclub.com/forum/in-an-effort-to-reduce-their-inventories-italian-vintners-have-cut-83910.html
A96: 94 | B96: Medium | C96: 0.25 | D96: D | E96: Subject Verb Agreement | G96: http://gmatclub.com/forum/fossils-of-the-arm-of-a-sloth-found-in-puerto-rico-in-80744.html
A97: 95 | B97: Easy | C97: 0.05 | D97: C | E97: Parallel Structure | G97: http://gmatclub.com/forum/recently-physicians-have-determined-that-stomach-ulcers-are-86067.html
A98: 96 | B98: Easy | C98: 0.15 | D98: A | E98: Subject Verb Agreement | G98: http://gmatclub.com/forum/a-mutual-fund-having-billions-of-dollars-in-assets-will-136018.html
A99: 97 | B99: Easy | C99: 0.15 | D99: D | E99: Idioms | G99: http://gmatclub.com/forum/the-19-year-old-pianist-and-composer-performed-his-most-recent-work-al-206348.html
A100: 98 | B100: Very Hard | C100: 0.75 | D100: B | E100: Pronouns | F100: Verb Tense | G100: http://gmatclub.com/forum/starfish-with-anywhere-from-five-to-eight-arms-have-a-132488.html
...

Sheet Error Log
A1: GMAT Club Guide to The GMAT Official Guide 2016
A2: Question | B2: Verbal/Quant | C2: Section | D2: Category | E2: Q. No. | F2: Your Answer | G2: Result
A3: 1 | B3: Verbal | C3: CR | D3: ='CR+RC'!E3 -> Inference | E3: 1 | F3: E | G3: =IF(F3="","NA",IF(F3='CR+RC'!D3,"Correct","Incorrect")) -> Correct
A4: 2 | B4: Verbal | C4: CR | D4: ='CR+RC'!E4 -> Strengthen | E4: 2 | G4: =IF(F4="","NA",IF(F4='CR+RC'!D4,"Correct","Incorrect")) -> NA
A5: 3 | B5: Verbal | C5: CR | D5: ='CR+RC'!E5 -> Strengthen | E5: 3 | G5: =IF(F5="","NA",IF(F5='CR+RC'!D5,"Correct","Incorrect")) -> NA
A6: 4 | B6: Verbal | C6: CR | D6: ='CR+RC'!E6 -> Weaken | E6: 4 | G6: =IF(F6="","NA",IF(F6='CR+RC'!D6,"Correct","Incorrect")) -> NA
A7: 5 | B7: Verbal | C7: CR | D7: ='CR+RC'!E7 -> Strengthen | E7: 5 | G7: =IF(F7="","NA",IF(F7='CR+RC'!D7,"Correct","Incorrect")) -> NA
A8: 6 | B8: Verbal | C8: CR | D8: ='CR+RC'!E8 -> Logical Flaw | E8: 6 | G8: =IF(F8="","NA",IF(F8='CR+RC'!D8,"Correct","Incorrect")) -> NA
A9: 7 | B9: Verbal | C9: CR | D9: ='CR+RC'!E9 -> Assumption | E9: 7 | G9: =IF(F9="","NA",IF(F9='CR+RC'!D9,"Correct","Incorrect")) -> NA
A10: 8 | B10: Verbal | C10: CR | D10: ='CR+RC'!E10 -> Assumption | E10: 8 | G10: =IF(F10="","NA",IF(F10='CR+RC'!D10,"Correct","Incorrect")) -> NA
A11: 9 | B11: Verbal | C11: CR | D11: ='CR+RC'!E11 -> Evaluate Argument | E11: 9 | G11: =IF(F11="","NA",IF(F11='CR+RC'!D11,"Correct","Incorrect")) -> NA
A12: 10 | B12: Verbal | C12: CR | D12: ='CR+RC'!E12 -> Resolve Paradox | E12: 10 | G12: =IF(F12="","NA",IF(F12='CR+RC'!D12,"Correct","Incorrect")) -> NA
A13: 11 | B13: Verbal | C13: CR | D13: ='CR+RC'!E13 -> Resolve Paradox | E13: 11 | G13: =IF(F13="","NA",IF(F13='CR+RC'!D13,"Correct","Incorrect")) -> NA
A14: 12 | B14: Verbal | C14: CR | D14: ='CR+RC'!E14 -> Cause and Effect | E14: 12 | G14: =IF(F14="","NA",IF(F14='CR+RC'!D14,"Correct","Incorrect")) -> NA
A15: 13 | B15: Verbal | C15: CR | D15: ='CR+RC'!E15 -> Evaluate Argument | E15: 13 | G15: =IF(F15="","NA",IF(F15='CR+RC'!D15,"Correct","Incorrect")) -> NA
... A126: 124 | B126: Verbal | C126: CR | D126: ='CR+RC'!E126 -> Weaken | E126: 124 | G126: =IF(F126="","NA",IF(F126='CR+RC'!D126,"Correct","Incorrect")) -> NA
A127: 125 | B127: Verbal | C127: SC | D127: =SC!E3 -> Parallel Structure | E127: 1 | F127: C | G127: =IF(F127="","NA",IF(F127=SC!D3, "Correct","Incorrect")) -> Correct
A128: 126 | B128: Verbal | C128: SC | D128: =SC!E4 -> Clauses | E128: 2 | G128: =IF(F128="","NA",IF(F128=SC!D4, "Correct","Incorrect")) -> NA
A129: 127 | B129: Verbal | C129: SC | D129: =SC!E5 -> Grammatical Construction | E129: 3 | G129: =IF(F129="","NA",IF(F129=SC!D5, "Correct","Incorrect")) -> NA
A130: 128 | B130: Verbal | C130: SC | D130: =SC!E6 -> Parallel Structure | E130: 4 | G130: =IF(F130="","NA",IF(F130=SC!D6, "Correct","Incorrect")) -> NA
A131: 129 | B131: Verbal | C131: SC | D131: =SC!E7 -> Subject Verb Agreement | E131: 5 | G131: =IF(F131="","NA",IF(F131=SC!D7, "Correct","Incorrect")) -> NA
A132: 130 | B132: Verbal | C132: SC | D132: =SC!E8 -> Idioms | E132: 6 | G132: =IF(F132="","NA",IF(F132=SC!D8, "Correct","Incorrect")) -> NA
A133: 131 | B133: Verbal | C133: SC | D133: =SC!E9 -> Construction | E133: 7 | G133: =IF(F133="","NA",IF(F133=SC!D9, "Correct","Incorrect")) -> NA
A134: 132 | B134: Verbal | C134: SC | D134: =SC!E10 -> Modifiers | E134: 8 | G134: =IF(F134="","NA",IF(F134=SC!D10, "Correct","Incorrect")) -> NA
A135: 133 | B135: Verbal | C135: SC | D135: =SC!E11 -> Such as | E135: 9 | G135: =IF(F135="","NA",IF(F135=SC!D11, "Correct","Incorrect")) -> NA
A136: 134 | B136: Verbal | C136: SC | D136: =SC!E12 -> Idioms | E136: 10 | G136: =IF(F136="","NA",IF(F136=SC!D12, "Correct","Incorrect")) -> NA
A137: 135 | B137: Verbal | C137: SC | D137: =SC!E13 -> Modifiers | E137: 11 | G137: =IF(F137="","NA",IF(F137=SC!D13, "Correct","Incorrect")) -> NA
A138: 136 | B138: Verbal | C138: SC | D138: =SC!E14 -> Construction | E138: 12 | G138: =IF(F138="","NA",IF(F138=SC!D14, "Correct","Incorrect")) -> NA
A139: 137 | B139: Verbal | C139: SC | D139: =SC!E15 -> Parallel Structure | E139: 13 | G139: =IF(F139="","NA",IF(F139=SC!D15, "Correct","Incorrect")) -> NA
... A266: 264 | B266: Verbal | C266: SC | D266: =SC!E142 -> Idioms | E266: 140 | G266: =IF(F266="","NA",IF(F266=SC!D142, "Correct","Incorrect")) -> NA
A267: 404 | B267: Quant | C267: PS | D267: =PS!E3 -> Percents and Interest Problems | E267: 1 | F267: A | G267: =IF(F267="","NA",IF(F267=PS!D3, "Correct","Incorrect")) -> Incorrect
A268: 405 | B268: Quant | C268: PS | D268: =PS!E4 -> Arithmetic | E268: 2 | G268: =IF(F268="","NA",IF(F268=PS!D4, "Correct","Incorrect")) -> NA
A269: 406 | B269: Quant | C269: PS | D269: =PS!E5 -> Word Problems | E269: 3 | G269: =IF(F269="","NA",IF(F269=PS!D5, "Correct","Incorrect")) -> NA
A270: 407 | B270: Quant | C270: PS | D270: =PS!E6 -> Word Problems | E270: 4 | G270: =IF(F270="","NA",IF(F270=PS!D6, "Correct","Incorrect")) -> NA
A271: 408 | B271: Quant | C271: PS | D271: =PS!E7 -> Coordinate Geometry | E271: 5 | G271: =IF(F271="","NA",IF(F271=PS!D7, "Correct","Incorrect")) -> NA
A272: 409 | B272: Quant | C272: PS | D272: =PS!E8 -> Arithmetic | E272: 6 | G272: =IF(F272="","NA",IF(F272=PS!D8, "Correct","Incorrect")) -> NA
A273: 410 | B273: Quant | C273: PS | D273: =PS!E9 -> Roots | E273: 7 | G273: =IF(F273="","NA",IF(F273=PS!D9, "Correct","Incorrect")) -> NA
A274: 411 | B274: Quant | C274: PS | D274: =PS!E10 -> Probability | E274: 8 | G274: =IF(F274="","NA",IF(F274=PS!D10, "Correct","Incorrect")) -> NA
A275: 412 | B275: Quant | C275: PS | D275: =PS!E11 -> Percents and Interest Problems | E275: 9 | G275: =IF(F275="","NA",IF(F275=PS!D11, "Correct","Incorrect")) -> NA
A276: 413 | B276: Quant | C276: PS | D276: =PS!E12 -> Statistics and Sets Problems | E276: 10 | G276: =IF(F276="","NA",IF(F276=PS!D12, "Correct","Incorrect")) -> NA
A277: 414 | B277: Quant | C277: PS | D277: =PS!E13 -> Percents and Interest Problems | E277: 11 | G277: =IF(F277="","NA",IF(F277=PS!D13, "Correct","Incorrect")) -> NA
A278: 415 | B278: Quant | C278: PS | D278: =PS!E14 -> Geometry | E278: 12 | G278: =IF(F278="","NA",IF(F278=PS!D14, "Correct","Incorrect")) -> NA
A279: 416 | B279: Quant | C279: PS | D279: =PS!E15 -> Geometry | E279: 13 | G279: =IF(F279="","NA",IF(F279=PS!D15, "Correct","Incorrect")) -> NA
... A496: 633 | B496: Quant | C496: PS | D496: =PS!E232 -> Arithmetic | E496: 230 | G496: =IF(F496="","NA",IF(F496=PS!D232, "Correct","Incorrect")) -> NA
A497: 634 | B497: Quant | C497: DS | D497: =DS!E3 -> Word Problems | E497: 1 | F497: A | G497: =IF(F497="","NA",IF(F497=DS!D3, "Correct","Incorrect")) -> Correct
A498: 635 | B498: Quant | C498: DS | D498: =DS!E4 -> Overlapping Sets | E498: 2 | G498: =IF(F498="","NA",IF(F498=DS!D4, "Correct","Incorrect")) -> NA
A499: 636 | B499: Quant | C499: DS | D499: =DS!E5 -> Number Properties | E499: 3 | G499: =IF(F499="","NA",IF(F499=DS!D5, "Correct","Incorrect")) -> NA
A500: 637 | B500: Quant | C500: DS | D500: =DS!E6 -> Word Problems | E500: 4 | G500: =IF(F500="","NA",IF(F500=DS!D6, "Correct","Incorrect")) -> NA
A501: 638 | B501: Quant | C501: DS | D501: =DS!E7 -> Word Problems | E501: 5 | G501: =IF(F501="","NA",IF(F501=DS!D7, "Correct","Incorrect")) -> NA
A502: 639 | B502: Quant | C502: DS | D502: =DS!E8 -> Coordinate Geometry | E502: 6 | G502: =IF(F502="","NA",IF(F502=DS!D8, "Correct","Incorrect")) -> NA
A503: 640 | B503: Quant | C503: DS | D503: =DS!E9 -> Probability | E503: 7 | G503: =IF(F503="","NA",IF(F503=DS!D9, "Correct","Incorrect")) -> NA
A504: 641 | B504: Quant | C504: DS | D504: =DS!E10 -> Work | E504: 8 | G504: =IF(F504="","NA",IF(F504=DS!D10, "Correct","Incorrect")) -> NA
A505: 642 | B505: Quant | C505: DS | D505: =DS!E11 -> Number Properties | E505: 9 | G505: =IF(F505="","NA",IF(F505=DS!D11, "Correct","Incorrect")) -> NA
A506: 643 | B506: Quant | C506: DS | D506: =DS!E12 -> Percent and Interest Problems | E506: 10 | G506: =IF(F506="","NA",IF(F506=DS!D12, "Correct","Incorrect")) -> NA
A507: 644 | B507: Quant | C507: DS | D507: =DS!E13 -> Roots | E507: 11 | G507: =IF(F507="","NA",IF(F507=DS!D13, "Correct","Incorrect")) -> NA
A508: 645 | B508: Quant | C508: DS | D508: =DS!E14 -> Sequences | E508: 12 | G508: =IF(F508="","NA",IF(F508=DS!D14, "Correct","Incorrect")) -> NA
A509: 646 | B509: Quant | C509: DS | D509: =DS!E15 -> Sequences | E509: 13 | G509: =IF(F509="","NA",IF(F509=DS!D15, "Correct","Incorrect")) -> NA
... A669: 806 | B669: Quant | C669: DS | D669: =DS!E175 -> Number Properties | E669: 173 | G669: =IF(F669="","NA",IF(F669=DS!D175, "Correct","Incorrect")) -> NA
A670: 807 | B670: Quant | C670: DS | D670: =DS!E176 -> Number Properties | E670: 174 | G670: =IF(F670="","NA",IF(F670=DS!D175, "Correct","Incorrect")) -> NA

Sheet Analysis
B4: Count | D4: Result | I4: In order to update table and charts: | N4: Count of Result | O4: Column Labels
B5: Section | C5: Sub-Section | D5: Correct | E5: Incorrect | F5: NA | G5: Grand Total | I5: 1. Right click on the Table to the left | N5: Row Labels | O5: Correct | P5: Incorrect | Q5: NA | R5: Grand Total
B6: Quant | C6: DS | D6: 1 | F6: 173 | G6: 174 | I6: 2. Click Refresh | N6: CR | P6: 1 | Q6: 123 | R6: 124
C7: PS | E7: 1 | F7: 229 | G7: 230 | I7: 3. Repeat after every change | N7: Additional Evidence | Q7: 3 | R7: 3
B8: Quant Total | D8: 1 | E8: 1 | F8: 402 | G8: 404 | N8: Assumption | Q8: 19 | R8: 19
B9: Verbal | C9: CR | D9: 1 | F9: 123 | G9: 124 | N9: Bold Face CR | Q9: 9 | R9: 9
C10: SC | D10: 1 | F10: 139 | G10: 140 | N10: Cause and Effect | Q10: 2 | R10: 2
B11: Verbal Total | D11: 2 | F11: 262 | G11: 264 | N11: Complete the Passage | Q11: 9 | R11: 9
B12: Grand Total | D12: 3 | E12: 1 | F12: 664 | G12: 668 | N12: Conclusion | Q12: 7 | R12: 7
N13: Evaluate Argument | Q13: 16 | R13: 16
N14: Inference | P14: 1 | Q14: 3 | R14: 4
N15: Logical Flaw | Q15: 6 | R15: 6
N16: Method of Reasoning | Q16: 3 | R16: 3
N17: Resolve Paradox | Q17: 9 | R17: 9
N18: Strengthen | Q18: 22 | R18: 22
N19: Weaken | Q19: 15 | R19: 15
N20: DS | P20: 1 | Q20: 173 | R20: 174
N21: Absolute Values | Q21: 1 | R21: 1
N22: Algebra | Q22: 11 | R22: 11
N23: Arithmetic | Q23: 2 | R23: 2
N24: Combinations | Q24: 1 | R24: 1
N25: Coordinate Geometry | Q25: 4 | R25: 4
N26: Distance | Q26: 6 | R26: 6
N27: Divisibility | Q27: 2 | R27: 2
N28: Exponents | Q28: 6 | R28: 6
N29: Fractions | Q29: 11 | R29: 11
N30: Functions and Custom Characters | Q30: 1 | R30: 1
N31: Geometry | Q31: 20 | R31: 20
N32: Graphs and Illustrations | Q32: 2 | R32: 2
... N43: Statistics and Sets Problems | Q43: 13 | R43: 13
N44: Word Problems | P44: 1 | Q44: 38 | R44: 39
N45: Work | Q45: 2 | R45: 2
N46: PS | O46: 1 | Q46: 229 | R46: 230
N47: Absolute Values | Q47: 3 | R47: 3
N48: Algebra | Q48: 23 | R48: 23
N49: Arithmetic | Q49: 29 | R49: 29
N50: Combinations | Q50: 5 | R50: 5
N51: Coordinate Geometry | Q51: 8 | R51: 8
N52: Distance | Q52: 3 | R52: 3
N53: Divisibility | Q53: 6 | R53: 6
N54: Exponents | Q54: 6 | R54: 6
N55: Fractions | Q55: 17 | R55: 17
N56: Functions and Custom Characters | Q56: 1 | R56: 1
N57: Geometry | Q57: 22 | R57: 22
N58: Graphs and Illustrations | Q58: 2 | R58: 2
... N65: Percent and Interest Problems | Q65: 2 | R65: 2
N66: Percents and Interest Problems | O66: 1 | Q66: 21 | R66: 22
N67: Probability | Q67: 6 | R67: 6
N68: Remainders | Q68: 4 | R68: 4
N69: Roots | Q69: 1 | R69: 1
N70: Sequences | Q70: 5 | R70: 5
N71: Statistics and Sets Problems | Q71: 12 | R71: 12
N72: Word Problems | Q72: 18 | R72: 18
N73: Work | Q73: 6 | R73: 6
N74: SC | P74: 1 | Q74: 139 | R74: 140
N75: 0 | Q75: 1 | R75: 1
N76: Clauses | Q76: 2 | R76: 2
N77: Comparisons | Q77: 9 | R77: 9
N78: Conjunctions | Q78: 1 | R78: 1
N79: Construction | Q79: 10 | R79: 10
N80: Diction | Q80: 2 | R80: 2
N81: Grammatical Construction | Q81: 21 | R81: 21
N82: Idiom | Q82: 2 | R82: 2
N83: Idioms | Q83: 20 | R83: 20
N84: Modifiers | Q84: 18 | R84: 18
N85: Parallel Structure | P85: 1 | Q85: 25 | R85: 26
N86: Participle Parallelism | Q86: 1 | R86: 1
N87: Pronouns | Q87: 2 | R87: 2
N88: Punctuation | Q88: 2 | R88: 2
N89: Style and Usage | Q89: 2 | R89: 2
N90: Subject Verb Agreement | Q90: 5 | R90: 5
N91: Such as | Q91: 2 | R91: 2
N92: Verb Tense | Q92: 14 | R92: 14
N93: Grand Total | O93: 1 | P93: 3 | Q93: 664 | R93: 668
